 Dungeon Crawl Stone Soup version 0.18-a0-1300-g6e8322c (webtiles) character file.

10883369 M4edhros the Grand Master (level 27, 156/156 HPs)
             Began as an Octopode Artificer on Feb 8, 2016.
             Was a High Priest of Fedhas.
             Escaped with the Orb
             ... and 15 runes on Feb 12, 2016!
             The game lasted 19:22:43 (158501 turns).

M4edhros the Grand Master (Octopode Artificer)    Turns: 158501, Time: 19:22:43

Health: 156/156    AC: 19    Str: 11    XL:     27
Magic:  67/67      EV: 42    Int: 49    God:    Fedhas [*****.]
Gold:   15659      SH: 34    Dex: 33    Spells: 16 memorised, 1 level left

rFire  + . .     SeeInvis +       - Unarmed
rCold  + + .     Gourm    .     n - +8 large shield of Magic {MR- Dex+7 Slay+5 SInv}
rNeg   + + +     Faith    .     F - +3 hat of Pondering {ponderous, MR+ MP+10 Int+5}
rPois  .         Spirit   .     J - amulet of Kakhait {Regen+ Dex+4 Slay+3}
rElec  +         Dismiss  .     c - ring "Ucufoi" {rN+ MR+ Slay+4 Stlth-}
rCorr  .         Reflect  .     D - ring "Uxuoto" {AC+2 Int+4 Slay+6}
SustAt .         Harm     .     l - ring "Ewouleud" {rC+ rN+ MR- Int+4} (curse)
MR     +++++                    x - ring "Baetan Vupo" {+Fly rN+ MP+9 Int+4 Slay+2}
Stlth  ++++......               P - ring of Juworghid {rElec rC+ MR++ Int+6}
                                e - ring "Gahek Rudiu" {rF+ MR+ Dex+5}
                                g - +5 ring of protection
                                W - +5 ring of dexterity

@: deflect missiles, slow, almost entirely resistant to hostile enchantments,
stealthy
A: almost no armour, amphibious, 8 rings, constrict 8, tentacle spike 1,
iridescent scales 1, rough black scales 1, camouflage 1, see invisible,
deterioration 2, frail 3, low mp 1, screaming 1, electricity resistance,
gelatinous body 1
a: Evolution, Sunlight, Growth, Reproduction, Rain, Renounce Religion, Evoke
Flight
0: Orb of Zot
}: 15/15 runes: barnacled, slimy, silver, golden, iron, obsidian, icy, bone,
abyssal, demonic, glowing, magical, fiery, dark, gossamer


You escaped.
You worshipped Fedhas.
Fedhas was extremely pleased with you.
You were not hungry.

You visited 18 branches of the dungeon, and saw 93 of its levels.
You visited Pandemonium 7 times, and saw 70 of its levels.
You visited the Abyss 4 times.
You visited 2 ziggurats (completing 1), and saw 38 of their levels.
You also visited: Ice Cave and Wizlab.

You collected 24737 gold pieces.
You spent 8815 gold pieces at shops.

Inventory:

Hand Weapons
 b - the +9 Staff of Wucad Mu {channel}
   (You found it in a wizard's laboratory)
 I - the +4 Staff of Dispater
   (You took it off Dispater on level 7 of the Iron City of Dis)
 T - the +7 Sceptre of Asmodeus
   (You took it off Asmodeus on level 7 of Gehenna)
Missiles
 i - 28 javelins of penetration (quivered)
Armour
 n - the +8 large shield of Magic (worn) {MR- Dex+7 Slay+5 SInv}
   (You acquired it on level 22 of a ziggurat)

   It affects your dexterity (+7).
   It affects your accuracy and damage with ranged weapons and melee attacks
   (+5).
   It affects your resistance to hostile enchantments.
   It lets you see invisible.
 z - a +8 large shield of fire resistance
 F - the +3 hat of Pondering (worn) {ponderous, MR+ MP+10 Int+5}
   (You found it on level 9 of a ziggurat)

   It affects your intelligence (+5).
   It affects your resistance to hostile enchantments.
   It affects your magic capacity (+10).
Rods
 f - a +7 rod of shadows (16/16)
   (You found it in Pandemonium)
 A - a +1 rod of clouds (12/12)
   (You found it on level 4 of the Realm of Zot)
 E - a +8 rod of inaccuracy (17/17)
   (You bought it in a shop on level 5 of the Vaults)
 G - a +7 rod of ignition (12/12)
   (You found it on level 12 of a ziggurat)
 M - a +8 lightning rod (13/13)
   (You found it on level 10 of a ziggurat)
 X - a +9 rod of shadows (15/15)
   (You took it off a deep elf knight on level 3 of the Elven Halls)
 Y - a +9 rod of inaccuracy (15/15)
   (You found it on level 15 of a ziggurat)
Jewellery
 c - the ring "Ucufoi" (left tentacle) {rN+ MR+ Slay+4 Stlth-}
   (You found it on level 5 of the Abyss)

   [ring of positive energy]

   It affects your accuracy and damage with ranged weapons and melee attacks
   (+4).
   It protects you from negative energy.
   It affects your resistance to hostile enchantments.
   It makes you less stealthy.
 e - the ring "Gahek Rudiu" (on tentacle) {rF+ MR+ Dex+5}
   (You took it off a torturous demonspawn in Pandemonium)

   [ring of protection from magic]

   It affects your dexterity (+5).
   It protects you from fire.
   It affects your resistance to hostile enchantments.
 g - a +5 ring of protection (on tentacle)
 l - the cursed ring "Ewouleud" (on tentacle) {rC+ rN+ MR- Int+4}
   (You found it on level 3 of the Crypt)

   [ring of positive energy]

   It affects your intelligence (+4).
   It protects you from cold.
   It protects you from negative energy.
   It affects your resistance to hostile enchantments.
   It has a curse placed upon it.
 r - the brooch of Shielding {Reflect SH+8}
   (You took it off a siren on level 4 of the Shoals)

   [amulet of reflection]

   It shields you and reflects attacks.
   It affects your SH (+8).
 x - the ring "Baetan Vupo" (on tentacle) {+Fly rN+ MP+9 Int+4 Slay+2}
   (You found it on level 22 of a ziggurat)

   [ring of magical power]

   It affects your intelligence (+4).
   It affects your accuracy and damage with ranged weapons and melee attacks
   (+2).
   It protects you from negative energy.
   It affects your magic capacity (+9).
   It lets you fly.
 B - the ring of Duxe {Wiz MP+9 Int+10}
   (You found it on level 26 of a ziggurat)

   [ring of wizardry]

   It improves your spell success rate.
   It affects your intelligence (+10).
   It affects your magic capacity (+9).
 D - the ring "Uxuoto" (right tentacle) {AC+2 Int+4 Slay+6}
   (You found it on level 5 of the Dungeon)

   [ring of protection]

   It affects your AC (+2).
   It affects your intelligence (+4).
   It affects your accuracy and damage with ranged weapons and melee attacks
   (+6).
 J - the amulet of Kakhait (around mantle) {Regen+ Dex+4 Slay+3}
   (You found it on level 3 of the Tomb of the Ancients)

   [amulet of regeneration]

   It affects your dexterity (+4).
   It affects your accuracy and damage with ranged weapons and melee attacks
   (+3).
   It increases your rate of regeneration.
 O - the ring "Qiax" {rPois rF+ rC+ rN+}
   (You found it on level 23 of a ziggurat)

   [ring of positive energy]

   It protects you from fire.
   It protects you from cold.
   It protects you from poison.
   It protects you from negative energy.
 P - the ring of Juworghid (on tentacle) {rElec rC+ MR++ Int+6}
   (You bought it in a shop on level 5 of the Vaults)

   [ring of protection from cold]

   It affects your intelligence (+6).
   It protects you from cold.
   It insulates you from electricity.
   It affects your resistance to hostile enchantments.
 W - a +5 ring of dexterity (on tentacle)
Wands
 v - a wand of heal wounds (8/9)
 w - a wand of teleportation (9/9)
 N - a wand of disintegration (12/24)
Scrolls
 m - 27 scrolls of fog
 H - 3 scrolls of identify
 S - 4 scrolls of recharging
 V - 10 scrolls of blinking
Potions
 h - 7 potions of might
 o - 13 potions of curing
 q - 6 potions of resistance
 y - 11 potions of agility
 C - 7 potions of cure mutation
 R - 4 potions of invisibility
 Z - 6 potions of heal wounds
Miscellaneous
 a - the horn of Geryon
 d - a phial of floods
 j - a fan of gales
 k - a legendary deck of summoning {Repulsiveness, drawn: 1}
 p - a sack of spiders
 t - a box of beasts
 K - a disc of storms
 L - 8 phantom mirrors
 Q - a figurine of a ziggurat
 U - a box of beasts {used: 5}
Comestibles
 s - 25 bread rations
 u - 82 fruits


   Skills:
 O Level 27 Fighting
   Level 1.0 Short Blades
 - Level 9.0 Staves
   Level 15.2 Slings
 O Level 27 Dodging
 - Level 21.9 Stealth
 O Level 27 Shields
 O Level 27 Unarmed Combat
 O Level 27 Spellcasting
   Level 8.4 Conjurations
 + Level 17.4 Hexes
 - Level 11.0 Charms
 - Level 25.3 Summonings
 - Level 7.7 Necromancy
 - Level 19.4 Translocations
 - Level 11.7 Transmutations
 O Level 27 Air Magic
 - Level 11.6 Earth Magic
   Level 7.1 Poison Magic
 O Level 27 Invocations
 O Level 27 Evocations


You had one spell level left.
You knew the following spells:

 Your Spells              Type           Power        Failure   Level  Hunger
a - Tornado               Air            ########..   1%          9    None
b - Controlled Blink      Tloc           N/A          1%          8    None
c - Apportation           Tloc           ########..   0%          1    None
d - Summon Lightning Spi  Summ/Air       ########     0%          4    None
e - Statue Form           Trmt/Erth      ########.    1%          6    None
f - Regeneration          Chrm/Necr      ########..   0%          3    None
g - Haste                 Chrm           ########     1%          6    None
h - Song of Slaying       Chrm           ########     0%          2    None
i - Silence               Hex/Air        ########..   0%          5    None
j - Malign Gateway        Summ/Tloc      ########..   1%          7    None
k - Dragon's Call         Summ           ########..   1%          9    None
l - Leda's Liquefaction   Hex/Erth       ########..   0%          4    None
m - Swiftness             Chrm/Air       ########     0%          2    None
n - Summon Forest         Summ/Tloc      ########..   0%          5    None
o - Deflect Missiles      Chrm/Air       ########..   0%          6    None
p - Blink                 Tloc           N/A          0%          2    None


Dungeon Overview and Level Annotations

Branches:
Dungeon (15/15)            Temple (1/1) D:4            Lair (8/8) D:9
 Shoals (4/4) Lair:6       Spider (4/4) Lair:4        Slime (6/6) Lair:7
    Orc (2/2) D:10            Elf (3/3) Orc:2        Vaults (5/5) D:14
  Crypt (3/3) Vaults:2       Tomb (3/3) Crypt:3      Depths (5/5) D:15
   Hell (1/1)                 Dis (7/7) Hell            Geh (7/7) Hell
    Coc (7/7) Hell            Tar (7/7) Hell            Zot (5/5) Depths:5

Altars:
Ashenzari
Dithmenos
Elyvilon
Fedhas
Gozag
Kikubaaqudgha
Makhleb
Nemelex Xobeh
Okawaru
Pakellas
Sif Muna
Trog
Xom
Yredelemnul
Zin
Beogh
Jiyva
Lugonu

Shops:
D:4 (   D:5 *   D:8 (   D:9 (   D:12 =   Orc:1 *   Orc:2 !(=!(   Shoals:2 *
Vaults:4 [   Vaults:5 ??[??!%%?=}   Depths:2 *   Depths:4 (

Portals:
Hell: Depths:1 Depths:2 Depths:3 Depths:4 Depths:5
Abyss: Depths:2 Depths:4 Depths:5
Pandemonium: Depths:2 Depths:3

Annotations:
Slime:3 Dissolution


Innate Abilities, Weirdness & Mutations

You cannot wear most types of armour.
You are amphibious.
You can wear up to eight rings at the same time.
You can use your tentacles to constrict eight enemies at once.
Your skin changes colour to match your surroundings (Stealth).
Your rubbery body absorbs attacks (AC +1).
One of your tentacles bears a spike.
You are partially covered in iridescent scales (AC +4).
You are partially covered in rough black scales (AC +4, Dex -1).
You have supernaturally acute eyesight.
Your body often deteriorates upon taking damage.
You are extremely frail (-30% HP).
Your magical capacity is low (-10% MP).
You occasionally shout uncontrollably at your foes.
You are resistant to electric shocks.


Message History

i - 28 javelins of penetration (gained 1)
You sink to the bottom.
Your transformation is almost over.
You revert to your normal fleshy form.
A rust devil comes into view.
You block the rust devil's attack.
You tentacle-slap the rust devil. You grab the rust devil.
You pierce the rust devil, but do no damage.
You tentacle-slap the rust devil, but do no damage.
You squeeze the rust devil.
The rust devil is moderately wounded.
You constrict the rust devil. You bludgeon the rust devil!
You pierce the rust devil.
You tentacle-slap the rust devil!
You kill the rust devil!
No target in view!
No target in view!
There is a staircase leading out of the dungeon here.
You can't go down here!
You have escaped!

### ##### ###
#@######.P.####.##
#.#≈.≈#.≈.≈.##.≈.#
#P..≈..≈≈≈≈≈..≈≈≈.
#≈.≈≈≈≈≈≈≈≈≈≈≈≈≈≈≈
#≈≈≈≈≈≈≈≈≈≈≈≈≈≈≈≈≈
#≈≈≈≈≈≈≈≈≈≈≈≈≈≈≈≈≈
#≈≈≈≈≈≈P≈P≈≈≈≈P≈≈.
#≈≈≈≈≈≈≈≈≈≈≈≈≈≈≈.≈
##################


There were no monsters in sight!

Vanquished Creatures
  the Royal Jelly (Slime:6)
  Ereshkigal (Tar:7)
  Gloorx Vloq (Pan)
  the Serpent of Hell (Geh:7)
  Mnoleg (Pan)
  Dispater (Dis:7)
  13 ancient liches
  An orb of fire (Zot:5)
  The ghost of nublet the Conqueror, a master MiGl of Okawaru (Pan)
  3 juggernauts
  70 pandemonium lords
  Boris (Tomb:2)
  27 greater mummies
  14 shard shrikes
  Norris (Depths:3)
  6 iron giants
  A curse toe (Zot:2)
  Saint Roka (Vaults:1)
  A caustic shrike (shapeshifter) (Zig:17)
  6 caustic shrikes
  5 Killer Klowns
  Geryon (Hell)
  12 golden dragons
  Jory (Depths:3)
  4 profane servitors
  Nikola (Vaults:1)
  5 pearl dragons
  24 bone dragons
  47 Brimstone Fiends
  8 doom hounds
  3 electric golems
  Jorgrun (Vaults:1)
  26 tentacled monstrosities
  43 Hell Sentinels
  The ghost of kroki the Executioner, an adept MiBe of Trog (Vaults:1)
  Rupert (D:15)
  47 Ice Fiends
  A hellephant (Zig:6)
  25 Orb Guardians
  Asterion (Elf:1)
  The ghost of furman the Minotaur Blade, an adept MiBe of Trog (Vaults:2)
  A deep elf master archer (Elf:3)
  A quicksilver dragon (shapeshifter) (Zig:17)
  4 deep elf blademasters
  3 quicksilver dragons (Dis:7)
  22 liches
  19 titans
  53 Executioners
  8 sphinxes
  Gastronok (Lair:3)
  52 Shadow Fiends
  28 tentacled starspawn
  19 acid blobs
  2 krakens
  A sphinx (shapeshifter) (Zig:17)
  30 ancient champions
  9 tengu reavers
  9 storm dragons
  18 shadow dragons
  15 revenants
  A shadow dragon (shapeshifter) (Vaults:5)
  3 draconian monks
  6 draconian knights
  Ilsuiw (Shoals:4)
  18 vault wardens
  16 azure jellies
  27 daevas
  17 fire giants
  13 frost giants
  Wiglaf (Spider:3)
  9 deep elf sorcerers
  10 iron dragons
  A ghost moth (shapeshifter) (Depths:1)
  7 orc warlords
  Donald (Spider:4)
  2 emperor scorpions (Spider:4)
  10 curse skulls
  89 balrugs
  34 warmongers (Pan)
  70 cacodemons
  4 ghost moths (Spider:4)
  40 angels
  5 draconian scorchers
  Louise (Shoals:1)
  20 ironheart preservers
  A juggernaut zombie (Zig:24)
  A spriggan defender (Depths:5)
  2 deep elf elementalists
  3 draconian shifters
  5 draconian annihilators
  24 stone giants
  39 very ugly things
  A caustic shrike skeleton (Zig:24)
  A stone giant (shapeshifter) (Depths:4)
  An elemental wellspring (Coc:7)
  19 ophanim
  22 war gargoyles
  7 salamander stormcallers
  A draconian caller (Zot:4)
  115 reapers
  38 apis
  A juggernaut skeleton (Zig:15)
  32 blood saints (Pan)
  10 vampire knights
  The ghost of kae the Tortoise, a journeyman MiFi of Makhleb (Lair:7)
  4 green draconians
  32 corrupters (Pan)
  15 deep elf annihilators
  4 deep elf demonologists
  A dire elephant (D:15)
  6 mottled draconians
  9 purple draconians
  5 white draconians
  2 black draconians
  44 chaos champions (Pan)
  43 lorocyprocas
  10 red draconians
  5 bennus
  39 black suns
  10 deep elf death magi
  3 yellow draconians
  8 spark wasps
  11 ettins
  15 eidola
  15 mummy priests
  6 death oozes
  71 green deaths
  121 blizzard demons
  3 merfolk javelineers (Shoals:4)
  3 crystal guardians
  32 vault guards
  16 fire dragons
  The ghost of 4thArraOfDagon the Destroyer, a journeyman HuFE of Sif Muna (D:14)
  8 quicksilver dragon zombies
  Josephine (D:14)
  A minotaur (shapeshifter) (Depths:4)
  7 jiangshi
  17 great orbs of eyes
  9 deep elf high priests
  7 merfolk impalers
  A hydra (shapeshifter) (Vaults:5)
  15 yaktaur captains
  2 naga warriors
  19 ice dragons
  43 monstrous demonspawn (Pan)
  Fannar (D:11)
  5 quicksilver dragon skeletons
  3 merfolk aquamancers
  12 centaur warriors
  4 merfolk avatars
  2 catoblepae (shapeshifter) (Zig:17)
  26 hell beasts
  7 entropy weavers
  4 catoblepae
  14 rakshasas
  14 hydras
  5 death knights
  A ghost crab (shapeshifter) (Depths:3)
  A satyr (shapeshifter) (Zig:23)
  2 ghost crabs
  An anaconda (Zig:4)
  2 alligators (Zig:27)
  30 dancing weapons
  2 alligator snapping turtles (Shoals:4)
  14 deep troll shamans
  8 deep troll earth magi
  A queen ant (Lair:5)
  An iron giant skeleton (Zig:24)
  14 ogre magi
  21 vampire magi
  24 hell hogs
  A death yak (shapeshifter) (Vaults:1)
  8 titan zombies
  4 spriggan berserkers
  12 tengu warriors
  Urug (Orc:1)
  6 death yaks
  Nergalle (D:11)
  33 thrashing horrors
  3 orc high priests
  33 wretched stars
  4 shock serpents
  Sonja (Lair:3)
  5 iron golems (Dis:7)
  8 wandering mushrooms
  146 soul eaters
  43 hell knights
  24 deep elf knights
  251 sun demons
  2 fire crabs (shapeshifter)
  4 golden dragon zombies
  52 small abominations
  6 storm dragon zombies
  12 storm dragon skeletons
  16 shadow wraiths
  18 iron trolls
  3 salamander mystics
  11 anaconda zombies
  9 titan skeletons
  24 death scarabs
  52 shadow demons
  151 skeletal warriors
  8 sea snakes
  A spectral spark wasp (Zig:11)
  12 spatial maelstroms
  2 death drakes
  6 giant orange brains
  A deep troll (shapeshifter) (Zig:17)
  5 spriggan druids (Zig:27)
  43 deep trolls
  57 infernal demonspawn (Pan)
  17 flayed ghosts
  21 cherubim (Pan)
  54 gelid demonspawn (Pan)
  7 unseen horrors
  2 swamp dragons
  59 torturous demonspawn
  14 hill giants
  42 putrid demonspawn (Pan)
  15 orc knights
  Pikel (D:9)
  24 ironbrand convokers
  2 orange crystal statues
  14 anubis guards
  A wolf spider zombie (Coc:7)
  2 lindwurms (Lair:8)
  11 deep elf archers
  10 anaconda skeletons
  27 phantasmal warriors
  5 fire giant zombies
  6 shadow dragon zombies
  9 wizards
  20 orb spiders
  17 necromancers
  8 golden dragon skeletons
  2 harpies (shapeshifter) (Abyss:5)
  36 harpies
  38 wolf spiders
  56 ugly things
  9 cyclopes
  6 hornets
  13 griffons
  12 orc sorcerers
  2 mana vipers (Abyss:5)
  4 iron dragon zombies
  3 fauns (Shoals:4)
  6 stone giant zombies
  6 frost giant zombies
  11 shadow dragon skeletons
  72 deep elf magi
  6 manticores
  5 shining eyes
  9 salamanders
  13 moths of wrath
  2 hornets (shapeshifter)
  3 dire elephant zombies
  A faun (shapeshifter) (Vaults:1)
  90 slime creatures
  22 elephants
  15 fire giant skeletons
  2 shock serpent zombies
  2 octopodes (shapeshifter)
  19 vault sentinels
  9 worldbinders
  7 water nymphs
  90 sixfirhies
  A black mamba (shapeshifter) (Abyss:5)
  213 large abominations
  4 guardian serpents
  10 stone giant skeletons
  Maurice (D:8)
  17 black mambas
  11 frost giant skeletons
  A guardian serpent (shapeshifter) (Vaults:1)
  4 iron dragon skeletons
  10 sirens
  An elf zombie (Zig:20)
  4 titan simulacra
  105 orange demons
  9 apocalypse crabs
  6 eyes of devastation
  38 rust devils
  2 naga magi
  3 ice statues
  212 smoke demons
  3 gargoyles
  A spiny frog (shapeshifter) (Vaults:4)
  7 molten gargoyles
  19 spiny frogs
  Psyche (D:8)
  2 catoblepas zombies
  53 yaktaurs
  3 shock serpent skeletons
  7 dire elephant skeletons
  75 hellions
  18 efreet
  3 kobold demonologists
  5 torpor snails (Lair:8)
  4 storm dragon simulacra
  A yaktaur (shapeshifter) (Depths:1)
  6 tengu conjurers
  2 alligator snapping turtle skeletons (Coc:5)
  11 komodo dragons
  55 demonic crawlers
  7 anaconda simulacra
  61 ice devils
  2 fire drakes (shapeshifter)
  72 tormentors
  34 ancient zymes
  A black draconian skeleton (Coc:1)
  2 yaktaur skeletons (Vaults:5)
  A fire drake (Lair:6)
  71 hellwings
  25 guardian mummies
  A pale draconian skeleton (Crypt:1)
  22 merfolk
  44 jumping spiders
  39 freezing wraiths
  2 green draconian skeletons
  6 harpy zombies
  3 merfolk (shapeshifter)
  123 red devils
  13 trolls
  2 silent spectres (Tar:7)
  A wolf spider simulacrum (Hell)
  3 catoblepas skeletons
  6 hydra skeletons
  9 hydra zombies
  7 giant leeches
  14 ushabtiu
  6 ettin zombies
  90 raiju
  8 snapping turtles
  A wind drake (shapeshifter) (Zig:7)
  14 two-headed ogres
  21 blink frogs
  Grinder (D:2)
  4 harpy skeletons
  A human simulacrum (Vaults:2)
  5 ice dragon zombies
  5 fire dragon zombies
  A raiju (shapeshifter) (Vaults:1)
  The ghost of skk the Sneak, an amateur HaAs (D:7)
  10 boulder beetles
  5 bog bodies
  2 fire giant simulacra
  12 fire dragon skeletons
  6 ice dragon skeletons
  122 flying skulls
  2 wyverns
  4 centaur simulacra
  4 alligator zombies
  29 tarantellas
  10 ettin skeletons
  43 shadows
  22 water elementals
  A wyvern (shapeshifter) (Vaults:2)
  27 wraiths
  A tarantella (shapeshifter) (Zig:7)
  4 alligator skeletons
  76 redbacks
  2 redbacks (shapeshifter)
  7 air elementals
  178 ynoxinuls
  2 black mamba skeletons
  2 dire elephant simulacra (IceCv)
  4 spriggan skeletons
  A vampire (Abyss:1)
  2 hogs (shapeshifter)
  3 spriggans
  A human (shapeshifter) (Abyss:5)
  17 fire bats
  Sigmund (D:3)
  A fire bat (shapeshifter) (Vaults:4)
  33 fire elementals
  49 yaks
  62 neqoxecs
  7 golden eyes
  Grum (D:8)
  A basilisk (shapeshifter) (Vaults:4)
  An elf skeleton (Zig:20)
  13 hippogriffs
  4 steam dragons
  11 vampire mosquitoes
  7 basilisks
  2 mottled dragons (Vaults:1)
  9 hungry ghosts
  140 chaos spawn
  2 death yak simulacra (IceCv)
  20 wolves
  A hill giant skeleton (Crypt:1)
  4 nagas
  9 wargs
  Menkaure (D:6)
  5 harpy simulacra (IceCv)
  A soldier ant (shapeshifter) (Zig:23)
  9 spiny frog zombies
  18 spatial vortices
  6 insubstantial wisps (Abyss:5)
  An iron troll simulacrum (IceCv)
  16 water moccasins
  A hell hound (shapeshifter) (Vaults:5)
  4 hydra simulacra
  8 soldier ants (Lair:5)
  55 orc warriors
  A swamp drake (Zig:18)
  9 porcupines
  8 human skeletons
  A water moccasin (shapeshifter) (Elf:3)
  54 hell hounds
  A porcupine (shapeshifter) (Vaults:1)
  6 spiny frog skeletons
  3 manticore zombies
  A sky beast (shapeshifter) (Vaults:2)
  2 slaves (D:9)
  8 ice beasts
  4 snapping turtle zombies
  3 swamp dragon zombies
  A sky beast (D:9)
  A black bear (shapeshifter) (Abyss:4)
  2 alligator simulacra
  15 eyes of draining
  10 wasps
  15 centaurs
  38 ogres
  2 swamp dragon skeletons
  11 necrophages
  A tengu (Zig:15)
  17 boggarts
  4 phantoms
  2 manticore skeletons
  14 crocodiles
  An elephant skeleton (Crypt:3)
  11 snapping turtle skeletons
  A big kobold (D:7)
  21 giant frogs
  3 earth elementals
  A spiny frog simulacrum (Coc:3)
  2 salamander skeletons
  A wyvern skeleton (D:11)
  A water moccasin zombie (Crypt:3)
  4 scorpions
  An elephant simulacrum (IceCv)
  A cyclops skeleton (Crypt:2)
  22 killer bees
  28 wights
  A raiju skeleton (Crypt:3)
  17 crimson imps
  161 starcursed masses
  4 hounds
  8 quasits
  5 draconian simulacra (IceCv)
  2 giant frog skeletons
  23 jellies
  A gnoll shaman (D:5)
  27 orc priests
  9 centaur skeletons
  A human zombie (Geh:7)
  33 orc wizards
  32 iron imps
  Jessica (D:2)
  11 iguanas
  Terence (D:3)
  Natasha (twice) (D:2)
  A troll simulacrum (IceCv)
  25 worker ants
  11 hell rats
  A spriggan simulacrum (IceCv)
  A lightning spire (Zig:11)
  A wolf simulacrum (IceCv)
  49 sheep
  A felid zombie (Crypt:1)
  A tengu zombie (Crypt:2)
  A crocodile skeleton (Crypt:2)
  A mottled dragon skeleton (Crypt:2)
  2 ogre skeletons
  9 tengu skeletons
  39 mummies
  A worker ant zombie (D:11)
  8 gnolls
  16 adders
  2 naga simulacra (IceCv)
  64 river rats
  15 shadow imps
  A steam dragon skeleton (Crypt:1)
  17 white imps
  10 ufetubi
  A worm zombie (Crypt:2)
  A halfling zombie (Crypt:2)
  6 adder skeletons
  A sheep skeleton (Crypt:1)
  23 worms
  3 ball lightnings
  7 giant geckos
  116 orcs
  A bat skeleton (Crypt:3)
  7 giant cockroaches
  7 goblins
  11 hobgoblins
  11 jackals
  5 quokkas
  4 ball pythons
  10 bats
  3 giant gecko skeletons
  A giant gecko zombie (D:9)
  3 giant newts
  A jackal skeleton (D:5)
  11 kobolds
  An orc simulacrum (Crypt:2)
  An orc skeleton (Pan)
  11 rats
  A rat skeleton (Crypt:3)
  A river rat skeleton (Crypt:3)
  15 ballistomycetes
  A butterfly (Lair:3)
  A crawling corpse (Elf:1)
  An eldritch tentacle segment (Dis:5)
  4 fire vortices
  3 fulminant prisms (Pan)
  A fungus (Lair:8)
  15 giant spores
  A hyperactive ballistomycete (Vaults:5)
  3 lost souls
  2 lurking horrors (Abyss:1)
  13 starspawn tentacles
  4 tentacles
  3 toadstools
8378 creatures vanquished.

Vanquished Creatures (collateral kills)
  Cerebov (Pan)
  Antaeus (Coc:7)
  Asmodeus (Geh:7)
  Lom Lobon (Pan)
  A seraph (Pan)
  2 ancient liches
  4 orbs of fire (Zot:5)
  The ghost of WhatIsLove the Thanatomancer, a legendary DsGl of Cheibriados (Zig:24)
  Mara (Shoals:3)
  Mennas (Pan)
  A juggernaut (Depths:4)
  The ghost of Oracle the Demonic Blade, a legendary DsFi of Cheibriados (Zig:19)
  16 greater mummies
  Frederick (Vaults:2)
  6 Killer Klowns
  3 pandemonium lords (Pan)
  4 golden dragons
  6 pearl dragons (Zig:22)
  3 bone dragons
  A lich (Zig:24)
  A doom hound (Zig:20)
  An oklob plant (Elf:3)
  A Hell Sentinel (Dis:7)
  7 Ice Fiends
  3 Brimstone Fiends
  7 tentacled monstrosities
  3 quicksilver dragons (Zig:16)
  A Shadow Fiend (Zig:11)
  An Executioner (Pan)
  4 Orb Guardians (Zot:5)
  9 acid blobs (Zig:25)
  4 eldritch tentacles
  3 ancient champions
  A shadow dragon (shapeshifter) (Zig:8)
  3 storm dragons
  12 tentacled starspawn
  2 revenants (Zig:12)
  3 fire giants
  A draconian monk (Zot:5)
  5 shadow dragons
  A tengu reaver (Zig:23)
  5 azure jellies (Zig:25)
  9 cacodemons
  6 daevas (Zig:22)
  3 vault wardens
  4 frost giants
  Maud (Lair:5)
  5 orc warlords
  4 balrugs (Pan)
  5 angels (Zig:22)
  A draconian shifter (Zot:5)
  A draconian annihilator (Zot:5)
  3 deep elf elementalists (Elf:3)
  A war gargoyle (Zig:9)
  5 very ugly things
  2 elemental wellsprings (Coc:7)
  A stone giant (shapeshifter) (Zig:8)
  A caustic shrike skeleton (Zig:15)
  3 apis (Zig:22)
  A salamander stormcaller (Geh:7)
  6 ophanim (Zig:22)
  5 stone giants
  A vampire knight (Zig:15)
  2 juggernaut skeletons
  3 ironheart preservers
  3 reapers
  3 deep elf demonologists
  2 green draconians (Zot:5)
  A black draconian (Depths:5)
  A blood saint (Pan)
  2 deep elf annihilators (Elf:3)
  5 corrupters
  2 bennus (Zig:24)
  A red draconian (Depths:5)
  A spark wasp (Spider:4)
  A white draconian (Zot:5)
  A yellow draconian (Depths:5)
  2 ettins
  7 blizzard demons
  2 eidola
  6 green deaths
  4 death oozes (Zig:25)
  3 deep elf death magi
  4 fire dragons
  2 merfolk impalers (Shoals:4)
  2 quicksilver dragon zombies
  13 mummy priests
  A vault guard (Vaults:5)
  A deep elf high priest (Zig:23)
  3 great orbs of eyes (Zig:25)
  A rakshasa (Zig:21)
  An entropy weaver (Depths:5)
  6 ice dragons
  3 ghost crabs (Zig:18)
  6 hydras
  A spriggan air mage (Depths:4)
  A monstrous demonspawn (Pan)
  A centaur warrior (Depths:4)
  A death knight (Abyss:5)
  A merfolk avatar (Shoals:4)
  2 alligators (Zig:18)
  2 deep troll shamans
  A deep troll earth mage (Depths:5)
  2 ogre magi
  A satyr (Zig:3)
  A dancing weapon (Elf:2)
  4 vampire magi
  A death yak (Lair:8)
  2 titan zombies
  4 orc high priests (Zig:19)
  A deep elf knight (Zig:23)
  A storm dragon zombie (Geh:7)
  3 thrashing horrors
  15 soul eaters
  3 shadow wraiths
  5 sun demons
  A storm dragon skeleton (Zig:20)
  3 iron trolls (Zig:19)
  3 wretched stars
  2 flayed ghosts
  2 anaconda zombies (Coc:7)
  27 death scarabs
  10 skeletal warriors
  A hell knight (Depths:3)
  2 deep trolls (Depths:4)
  A death drake (Zig:16)
  2 giant orange brains (Zig:25)
  9 cherubim (Zig:22)
  An infernal demonspawn (Pan)
  2 sea snakes (Shoals:4)
  3 torturous demonspawn (Pan)
  3 swamp dragons
  A spriggan druid (Zig:27)
  2 putrid demonspawn (Pan)
  11 anubis guards
  A sphinx zombie (Zig:20)
  3 ironbrand convokers
  7 orc knights
  A phantasmal warrior (Zig:20)
  3 harpies
  An orb spider (Zig:11)
  A hill giant (D:11)
  An ugly thing (D:11)
  A shadow dragon skeleton (Zig:20)
  3 wolf spiders
  A griffon (Shoals:3)
  A shining eye (shapeshifter) (Depths:5)
  9 deep elf magi
  3 fauns (Zig:3)
  A fire giant zombie (Zig:15)
  6 orc sorcerers (Zig:19)
  2 cyclopes
  3 hornets
  9 moths of wrath
  2 rust devils
  7 sixfirhies (Pan)
  4 shining eyes (Zig:25)
  3 salamanders
  A water nymph (Shoals:2)
  A fire giant skeleton (Geh:7)
  A frost giant skeleton (Coc:7)
  2 apocalypse crabs
  5 vault sentinels
  An ice statue (Zig:5)
  A torpor snail (Zig:11)
  9 smoke demons
  2 elephants
  An eye of devastation (Zig:25)
  3 black mambas
  A guardian serpent (Lair:8)
  18 orange demons
  4 molten gargoyles (Geh:7)
  6 spiny frogs
  A titan simulacrum (Coc:7)
  A storm dragon simulacrum (Coc:7)
  A centaur skeleton (D:14)
  A komodo dragon (Lair:5)
  15 yaktaurs
  4 efreet (Pan)
  7 hellions
  5 demonic crawlers
  2 freezing wraiths
  14 red devils
  9 ice devils
  2 ancient zymes (Zig:21)
  An elf skeleton (Zig:24)
  2 tormentors (Pan)
  34 guardian mummies
  2 trolls
  A tengu conjurer (Depths:4)
  A jumping spider (Spider:2)
  7 hellwings
  3 two-headed ogres
  17 slime creatures
  3 giant leeches
  5 bog bodies
  3 raiju
  A tengu simulacrum (Zig:5)
  2 hydra skeletons
  A snapping turtle (Shoals:4)
  A boulder beetle (Lair:8)
  20 ushabtiu
  5 blink frogs
  11 flying skulls
  A redback (Lair:8)
  2 spriggans (Depths:4)
  A tarantella (Spider:3)
  3 wyverns
  An ice dragon skeleton (Coc:7)
  3 yaks
  6 shadows
  11 ynoxinuls
  17 large abominations
  A basilisk (Lair:1)
  3 wraiths
  2 golden eyes
  2 steam dragons (Zig:16)
  A hungry ghost (D:7)
  6 chaos spawn
  33 neqoxecs
  3 wargs
  3 vampire mosquitoes
  5 wolves
  3 mottled dragons (Zig:16)
  An elf zombie (Zig:15)
  Edmund (D:6)
  A hydra simulacrum (Coc:7)
  A spiny frog zombie (Tomb:2)
  3 water moccasins (Lair:8)
  17 orc warriors
  A sky beast (D:8)
  3 swamp drakes
  7 eyes of draining (Zig:25)
  5 wasps
  13 ogres
  2 necrophages (Zig:20)
  A crocodile (Lair:8)
  2 giant frogs
  A scorpion (D:8)
  2 killer bees
  A crimson imp (D:5)
  A quasit (D:14)
  25 starcursed masses
  21 jellies
  2 orc wizards
  3 orc priests
  A hound (D:6)
  A giant frog skeleton (D:12)
  3 worker ants (Lair:8)
  3 small abominations
  35 mummies
  3 adders
  8 gnolls
  4 river rats
  2 shadow imps (Zig:20)
  An ufetubus (Zot:5)
  A worm (Lair:8)
  A giant gecko (D:5)
  3 orcs
  A jackal (D:6)
  A kobold (D:3)
  A kobold skeleton (Coc:7)
  A block of ice (Pan)
  A butterfly (Lair:3)
  A fire vortex (Pan)
  2 fungi (Zig:24)
  43 giant spores
  3 hyperactive ballistomycetes
  4 lost souls (Zig:20)
  14 starspawn tentacles
  A toadstool (Coc:7)
1107 creatures vanquished.

Vanquished Creatures (others)
  A Killer Klown (Zig:13)
  2 pandemonium lords
  A lich (Tomb:2)
  An Ice Fiend (Pan)
  A tentacled monstrosity (Vaults:5)
  A deep elf master archer (Elf:3)
  A quicksilver dragon (Vaults:5)
  Polyphemus (Shoals:4)
  3 death cobs
  A tengu reaver (Vaults:5)
  53 eldritch tentacles
  6 thorn hunters
  A tentacled starspawn (Abyss:5)
  A warmonger (Pan)
  A draconian monk (Zot:4)
  A daeva (Zig:22)
  A fire giant (Vaults:5)
  A draconian zealot (Zot:4)
  23 ghouls
  An ironheart preserver (Vaults:2)
  41 oklob plants
  7 stone giants
  A corrupter (Pan)
  A blood saint (Pan)
  2 green draconians (Zot:4)
  A chaos champion (Pan)
  An elemental wellspring (Coc:7)
  2 deep elf annihilators
  A bennu (Tomb:2)
  A mottled draconian (Zot:5)
  A yellow draconian (Zot:4)
  A blizzard demon (Pan)
  A green death (Pan)
  5 yaktaur captains
  A kraken zombie (Coc:7)
  A hell beast (Pan)
  An ice dragon (Depths:4)
  A ghost crab (Zig:27)
  A catoblepas (Shoals:4)
  A hydra (Zig:27)
  An ogre mage (Vaults:1)
  2 satyrs (Shoals:4)
  4 centaur warriors
  An alligator (Zig:27)
  A spriggan berserker (Depths:4)
  A death yak (Shoals:4)
  A soul eater (Pan)
  A naga sharpshooter (Depths:2)
  A sun demon (Pan)
  A skeletal warrior (Coc:5)
  3 deep elf knights
  3 death scarabs
  10 shambling mangroves
  A gelid demonspawn (Pan)
  2 swamp dragons
  A spriggan druid (Zig:27)
  3 wolf spider zombies
  An orc knight (Vaults:3)
  An ironbrand convoker (Vaults:5)
  4 deep elf archers
  2 ugly things
  A faun (Shoals:1)
  3 hornets (Zig:27)
  A cyclops (Shoals:2)
  3 deep elf magi
  A fire giant skeleton (Zig:10)
  A rust devil (Pan)
  3 sixfirhies (Pan)
  2 drowned souls (Abyss:5)
  A vault sentinel (Vaults:5)
  A storm dragon simulacrum (Tomb:2)
  3 spiny frogs
  2 orange demons (Pan)
  2 emperor scorpion zombies
  15 yaktaurs
  An ancient zyme (Abyss:5)
  An elf skeleton (Zig:10)
  A hellwing (Pan)
  2 red devils (Pan)
  A two-headed ogre (Vaults:2)
  A hydra skeleton (Coc:7)
  An ice dragon zombie (Coc:7)
  2 ushabtiu
  4 bog bodies
  2 raiju (Abyss:5)
  A slime creature (Zig:27)
  2 flying skulls (Tomb:2)
  A redback (Depths:5)
  A tarantella (Depths:2)
  A wraith (Zig:10)
  2 ynoxinuls (Pan)
  2 fire elementals
  4 golden eyes (Abyss:5)
  5 chaos spawn (Pan)
  A wyvern (Zig:16)
  A vampire mosquito (Zig:27)
  A neqoxec (Abyss:5)
  A steam dragon (Zig:16)
  A white draconian simulacrum (Abyss:5)
  A large abomination (Pan)
  An insubstantial wisp (Zig:18)
  A spiny frog zombie (Dis:7)
  3 hell hounds (Geh:7)
  A swamp drake (Zig:27)
  3 small abominations (Abyss:5)
  An alligator simulacrum (Abyss:5)
  2 slaves (D:9)
  13 wasps
  10 necrophages
  8 ogres
  6 centaurs
  3 wights (Geh:4)
  A quasit (Abyss:1)
  A jelly (Zig:25)
  A wasp zombie (D:9)
  An orc wizard (D:9)
  A killer bee zombie (Crypt:2)
  A naga zombie (Tomb:2)
  75 wandering mushrooms
  A mummy (Tomb:1)
  An adder (D:9)
  A river rat (Zig:6)
  A shadow imp (D:9)
  A white imp (Coc:7)
  11 ball lightnings
  A hobgoblin (D:3)
  116 ballistomycetes
  3 blocks of ice
  A briar patch (Pan)
  4 bushes
  3 demonic plants
  4243 eldritch tentacle segments
  4 fire vortices (Pan)
  6 fulminant prisms (Pan)
  54 fungi
  70 giant spores
  7 hyperactive ballistomycetes
  10 lost souls
  7 lurking horrors (Abyss:5)
  13 macabre masses (Abyss:5)
  85 plants
  7 snaplasher vines
  174 snaplasher vine segments
  86 starspawn tentacles
  873 starspawn tentacle segments
  21 tentacles
  932 tentacle segments
  3613 toadstools
10781 creatures vanquished.

Grand Total: 20266 creatures vanquished

Notes
Turn   | Place    | Note
--------------------------------------------------------------
     0 | D:1      | M4edhros the Octopode Artificer began the quest for the Orb.
     0 | D:1      | Reached XP level 1. HP: 13/13 MP: 3/3
   104 | D:1      | Reached XP level 2. HP: 5/18 MP: 4/4
   382 | D:1      | Reached XP level 3. HP: 16/23 MP: 5/5
   870 | D:2      | Found a shadowy altar of Dithmenos.
   894 | D:2      | Noticed Natasha
   898 | D:2      | Killed Natasha
   898 | D:2      | Reached XP level 4. HP: 10/28 MP: 6/6
  1078 | D:2      | Noticed Jessica
  1086 | D:2      | Killed Jessica
  1092 | D:2      | Reached skill level 1 in Slings
  1339 | D:2      | Reached XP level 5. HP: 29/33 MP: 7/7
  1420 | D:2      | Reached skill level 4 in Evocations
  1627 | D:2      | Noticed Natasha
  1634 | D:2      | Killed Natasha
  1867 | D:2      | Found a blossoming altar of Fedhas.
  1889 | D:2      | Became a worshipper of Fedhas Madash
  1981 | D:3      | Noticed Grinder
  2597 | D:3      | Noticed Terence
  2617 | D:3      | Noticed Sigmund
  2627 | D:3      | Killed Terence
  2627 | D:3      | Reached skill level 5 in Stealth
  2627 | D:3      | Reached XP level 6. HP: 27/38 MP: 9/9
  2650 | D:3      | Killed Sigmund
  2744 | D:3      | Reached * piety under Fedhas
  2779 | D:3      | Reached skill level 6 in Stealth
  2843 | D:3      | Reached XP level 7. HP: 36/43 MP: 10/10
  3139 | D:2      | Killed Grinder
  3302 | D:4      | Found a staircase to the Ecumenical Temple.
  3369 | D:4      | Reached skill level 7 in Stealth
  3442 | D:4      | Found Piposh's Antique Weapon Boutique.
  3456 | D:4      | Reached XP level 8. HP: 46/48 MP: 11/11
  3717 | D:4      | Found a shattered altar of Ashenzari.
  4024 | D:5      | Entered Level 5 of the Dungeon
  4040 | D:5      | Reached skill level 5 in Invocations
  4093 | D:5      | Got a steaming copper ring
  4094 | D:5      | Identified the ring "Uxuoto" {AC+2 Int+4 Slay+6} (You found it on level 5 of the Dungeon)
  4118 | D:5      | Reached skill level 8 in Stealth
  4389 | D:5      | Found Aquelug's General Store.
  4478 | D:5      | Reached ** piety under Fedhas
  4942 | D:5      | Found an oddly glowing altar of Pakellas.
  4997 | D:6      | Noticed Edmund
  5007 | D:6      | Killed Edmund
  5029 | D:6      | Got a crude hunting sling
  5030 | D:6      | Identified the +10 hunting sling of Victory {venom, rC+ Int+3} (You found it on level 6 of the Dungeon)
  5067 | D:6      | Noticed Menkaure
  5159 | D:6      | Killed Menkaure
  5159 | D:6      | Reached skill level 9 in Stealth
  5243 | D:6      | Found an ancient bone altar of Kikubaaqudgha.
  5327 | D:6      | Reached XP level 9. HP: 48/53 MP: 14/14
  5585 | D:7      | Reached *** piety under Fedhas
  5599 | D:7      | Reached skill level 10 in Stealth
  5744 | D:7      | Noticed skk's ghost (amateur HaAs)
  5752 | D:7      | Killed skk's ghost
  5766 | D:7      | Found a shimmering altar of Xom.
  5958 | D:7      | Found an iron altar of Okawaru.
  5958 | D:7      | Found a burning altar of Makhleb.
  6085 | D:8      | Reached skill level 11 in Stealth
  6085 | D:8      | Reached skill level 10 in Invocations
  6090 | D:8      | Gained mutation: You are dopey. (Int -2) [mutagenic meat]
  6091 | D:8      | Gained mutation: You are very dopey. (Int -4) [mutagenic meat]
  6092 | D:8      | Gained mutation: You can translocate small distances at will. [mutagenic meat]
  6178 | D:8      | Noticed a two-headed ogre
  6181 | D:8      | Killed a two-headed ogre
  6181 | D:8      | Reached XP level 10. HP: 53/58 MP: 17/17
  6207 | D:8      | Noticed Grum
  6219 | D:8      | Killed Grum
  6243 | D:8      | Noticed Maurice
  6254 | D:8      | Found Hannat's Antique Weapon Shoppe.
  6255 | D:8      | Killed Maurice
  6383 | D:8      | Noticed Psyche
  6390 | D:8      | Killed Psyche
  6390 | D:8      | Reached skill level 12 in Stealth
  6682 | D:8      | Found a blossoming altar of Fedhas.
  6683 | D:8      | Found a white marble altar of Elyvilon.
  6823 | D:9      | Found Wexyjidgh's Antique Weapon Shop.
  6893 | D:9      | Gained mutation: You are clumsy. (Dex -2) [mutagenic meat]
  6894 | D:9      | Lost mutation: You are very dopey. (Int -4) [mutagenic meat]
  6895 | D:9      | Gained mutation: Your body sometimes deteriorates upon taking damage. [mutagenic meat]
  6896 | D:9      | Gained mutation: You are partially covered in large bone plates (AC +2, SH +2). [mutagenic meat]
  6897 | D:9      | Lost mutation: You are dopey. (Int -2) [mutagenic meat]
  6898 | D:9      | Gained mutation: Your muscles are strong. (Str +2) [potion of mutation]
  6898 | D:9      | Gained mutation: You are resistant to hostile enchantments. [potion of mutation]
  6898 | D:9      | Gained mutation: One of your tentacles bears a spike. [potion of mutation]
  6939 | D:9      | Reached skill level 1 in Shields
  7212 | D:9      | Found a staircase to the Lair.
  7244 | D:9      | Noticed Pikel
  7251 | D:9      | Killed Pikel
  7269 | D:9      | Reached **** piety under Fedhas
  7537 | D:9      | Reached XP level 11. HP: 55/63 MP: 19/19
  7545 | D:9      | Reached skill level 5 in Slings
  7633 | D:8      | Bought a blowgun for 67 gold pieces
  7684 | D:10     | Entered Level 10 of the Dungeon
  7906 | D:10     | Noticed a hill giant
  7911 | D:10     | Killed a hill giant
  7911 | D:10     | Reached skill level 5 in Shields
  8009 | D:10     | Found a staircase to the Orcish Mines.
  8026 | D:10     | Lost mutation: One of your tentacles bears a spike. [potion of mutation]
  8026 | D:10     | Gained mutation: You are highly resistant to hostile enchantments. [potion of mutation]
  8027 | D:10     | Gained mutation: You evolve. [potion of mutation]
  8329 | D:11     | Noticed a hill giant
  8333 | D:11     | Killed a hill giant
  8404 | D:11     | Found a roughly hewn altar of Beogh.
  8415 | D:11     | Noticed Fannar
  8435 | D:11     | Killed Fannar
  8462 | D:11     | Noticed Nergalle
  8497 | D:11     | Gained mutation: Your natural rate of healing is unusually fast. [evolution]
  8529 | D:11     | Killed Nergalle
  8599 | D:11     | Noticed a hill giant
  8607 | D:11     | Killed a hill giant
  8707 | D:11     | Noticed a green ugly thing
  8719 | D:11     | Killed a green ugly thing
  8725 | D:11     | Gained mutation: One of your tentacles bears a spike. [mutagenic meat]
  9103 | D:12     | You fall through a shaft!
  9154 | D:13     | Reached ***** piety under Fedhas
  9197 | D:13     | Reached XP level 12. HP: 68/68 MP: 15/20
  9342 | D:13     | Noticed a tengu warrior
  9343 | D:13     | Noticed a tengu warrior
  9350 | D:13     | Noticed a tengu warrior
  9350 | D:13     | Noticed a tengu warrior
  9355 | D:13     | Killed a tengu warrior
  9743 | D:12     | Found Buumou's Jewellery Shoppe.
  9977 | D:13     | Reached skill level 10 in Slings
 10068 | D:13     | Noticed a tengu warrior
 10077 | D:13     | Killed a tengu warrior
 10100 | D:13     | Lost mutation: You are clumsy. (Dex -2) [evolution]
 10110 | D:13     | Reached skill level 10 in Shields
 10221 | D:13     | Killed a tengu warrior
 10432 | D:13     | Killed a tengu warrior
 10470 | D:13     | Noticed a centaur warrior
 10482 | D:13     | Killed a centaur warrior
 10482 | D:13     | Reached XP level 13. HP: 52/72 MP: 21/21
 11029 | D:14     | Identified the Grimoire of Shape Shifting
 11270 | Lair:1   | Entered Level 1 of the Lair of Beasts
 12499 | Lair:2   | Gained mutation: Your mind is acute. (Int +2) [evolution]
 12945 | Lair:3   | Noticed Gastronok
 12960 | Lair:3   | Killed Gastronok
 13075 | Lair:3   | Reached skill level 5 in Dodging
 13305 | Lair:3   | Noticed Sonja
 13322 | Lair:3   | Reached XP level 14. HP: 83/83 MP: 22/22
 13471 | Orc:1    | Entered Level 1 of the Orcish Mines
 13678 | Orc:2    | Entered Level 2 of the Orcish Mines
 13683 | Orc:2    | Reached skill level 13 in Shields
 13884 | Orc:2    | Noticed an orc warlord
 13904 | Orc:2    | Killed an orc warlord
 13938 | Orc:2    | Found Funac's Distillery.
 14029 | Orc:2    | Found a staircase to the Elven Halls.
 14175 | Orc:2    | Found Ziduva's Distillery.
 14176 | Orc:2    | Found Kogaaf's Antique Weapon Shop.
 14178 | Orc:2    | Found Zuwk's Jewellery Boutique.
 14186 | Orc:2    | Found Gaclugif's Weapon Boutique.
 14220 | Orc:2    | Bought a potion of haste for 160 gold pieces
 14770 | Orc:1    | Found Fuel's Assorted Antiques.
 14896 | Orc:1    | Bought a runed hat for 100 gold pieces
 14896 | Orc:1    | Bought a scroll of identify for 50 gold pieces
 14896 | Orc:1    | Bought a hardcover book for 375 gold pieces
 14900 | Orc:1    | Learned a level 3 spell: Ignite Poison
 14931 | Orc:1    | Noticed Urug
 14944 | Orc:1    | Killed Urug
 15262 | Lair:3   | Killed Sonja
 15262 | Lair:3   | Reached skill level 5 in Fighting
 15288 | Lair:3   | Reached skill level 1 in Poison Magic
 15380 | Lair:3   | Lost mutation: Your body sometimes deteriorates upon taking damage. [evolution]
 15849 | Lair:4   | Reached ****** piety under Fedhas
 15981 | Lair:4   | You fall through a shaft for 3 floors!
 16046 | Lair:5   | Noticed Maud
 16120 | Lair:5   | Reached skill level 1 in Transmutations
 16174 | Lair:5   | Reached skill level 1 in Spellcasting
 16183 | Lair:5   | Killed Maud
 16293 | Lair:4   | Found a hole to the Spider Nest.
 16368 | Lair:4   | Reached skill level 14 in Shields
 16471 | Lair:4   | Reached skill level 5 in Evocations
 16640 | Lair:6   | Found a staircase to the Shoals.
 17381 | Lair:7   | Noticed kae's ghost (journeyman MiFi)
 17411 | Lair:7   | Killed kae's ghost
 17411 | Lair:7   | Reached XP level 15. HP: 93/93 MP: 21/23
 17446 | Lair:8   | Entered Level 8 of the Lair of Beasts
 18053 | Lair:8   | Lost mutation: One of your tentacles bears a spike. [evolution]
 18501 | Lair:8   | Found a runed door.
 18550 | Lair:8   | Reached skill level 5 in Poison Magic
 19550 | Lair:2   | Learned a level 5 spell: Alistair's Intoxication
 19555 | Lair:2   | Learned a level 4 spell: Petrify
 19561 | Lair:2   | Learned a level 5 spell: Blade Hands
 19913 | D:14     | Noticed Josephine
 19937 | D:14     | Killed Josephine
 19976 | D:14     | Reached skill level 15 in Shields
 20442 | D:14     | Reached skill level 1 in Earth Magic
 20494 | D:14     | Reached skill level 5 in Transmutations
 20510 | D:14     | Found a gate to the Vaults.
 20664 | D:14     | Got a slimy hand axe
 20665 | D:14     | Identified the +5 hand axe "Newtbane" {chop, MP+9 Int+3} (You found it on level 14 of the Dungeon)
 20749 | D:15     | Entered Level 15 of the Dungeon
 20751 | D:15     | Found a shattered altar of Ashenzari.
 20821 | D:15     | Noticed Rupert
 20835 | D:15     | Killed Rupert
 20835 | D:15     | Reached XP level 16. HP: 101/101 MP: 24/24
 20916 | D:14     | Noticed 4thArraOfDagon's ghost (journeyman HuFE)
 21206 | Shoals:1 | Entered Level 1 of the Shoals
 21276 | Lair:5   | Reached skill level 16 in Shields
 21561 | Shoals:1 | Found a frozen archway.
 21589 | Shoals:1 | Got a warped spear
 21603 | IceCv    | Entered an ice cave
 22238 | IceCv    | Noticed an Ice Fiend
 22275 | IceCv    | Reached skill level 17 in Shields
 22499 | IceCv    | Killed an Ice Fiend
 22723 | IceCv    | Gained mutation: Your spells are a little harder to cast, but a little more powerful. [evolution]
 23288 | Shoals:1 | Reached skill level 18 in Shields
 23360 | Shoals:1 | Noticed Louise
 23450 | Shoals:1 | Killed Louise
 23709 | Shoals:1 | Identified a +0 rod of ignition (9/9) (You found it on level 1 of the Shoals)
 23932 | Shoals:2 | Found Epliang's Assorted Antiques.
 24138 | Shoals:2 | Bought a scroll of identify for 68 gold pieces
 24138 | Shoals:2 | Identified the +7 spear "Tuce" {drain, MR+ Str+4} (You found it on level 1 of the Shoals)
 24167 | Shoals:2 | Noticed a kraken
 24199 | Shoals:2 | Killed a kraken
 24746 | Shoals:3 | Noticed Mara
 24891 | Shoals:3 | Gained mutation: You have an increased reservoir of magic (+10% MP). [evolution]
 24891 | Shoals:3 | Lost mutation: You evolve. [end of evolution]
 24893 | Shoals:3 | Reached skill level 19 in Shields
 24985 | Shoals:3 | Learned a level 6 spell: Statue Form
 25003 | Shoals:4 | Entered Level 4 of the Shoals
 25517 | Shoals:4 | Reached XP level 17. HP: 108/108 MP: 28/28
 25717 | Shoals:4 | Got a barnacled rune of Zot
 25984 | Shoals:4 | Noticed a kraken
 26214 | Shoals:4 | Noticed Polyphemus
 26224 | Shoals:4 | Killed Polyphemus
 26368 | Shoals:4 | Noticed Ilsuiw
 26385 | Shoals:4 | Killed Ilsuiw
 26385 | Shoals:4 | Reached skill level 5 in Earth Magic
 26547 | Shoals:4 | Killed a kraken
 27761 | Lair:7   | Found a staircase to the Slime Pits.
 27762 | Lair:7   | Found a viscous altar of Jiyva.
 28538 | Lair:4   | You fall through a shaft for 3 floors!
 28831 | Lair:5   | Reached skill level 5 in Spellcasting
 29687 | Spider:1 | Entered Level 1 of the Spider Nest
 30630 | Spider:2 | Learned a level 3 spell: Regeneration
 30731 | Spider:2 | Reached XP level 18. HP: 112/114 MP: 29/29
 31291 | Spider:3 | Noticed Wiglaf
 31392 | Spider:3 | Killed Wiglaf
 31438 | Spider:3 | Reached skill level 20 in Shields
 31611 | Spider:3 | Learned a level 2 spell: Repel Missiles
 31614 | Spider:3 | Learned a level 2 spell: Song of Slaying
 32191 | Spider:4 | Entered Level 4 of the Spider Nest
 32588 | Spider:4 | Noticed Donald
 32626 | Spider:4 | Killed Donald
 32638 | Spider:4 | Reached skill level 10 in Transmutations
 33625 | Spider:4 | Gained mutation: You are occasionally teleported next to monsters. [mutagenic meat]
 33657 | Spider:4 | Got a gossamer rune of Zot
 34464 | Vaults:1 | Entered Level 1 of the Vaults
 34464 | Vaults:1 | Noticed kroki's ghost (adept MiBe)
 34539 | Vaults:1 | Reached XP level 19. HP: 103/118 MP: 21/34
 34736 | Vaults:1 | You fall through a shaft!
 34753 | Vaults:2 | Noticed Frederick
 35265 | Vaults:3 | Reached skill level 10 in Earth Magic
 35526 | Vaults:3 | Gained mutation: You are sometimes teleported next to monsters. [mutagenic meat]
 35527 | Vaults:3 | Gained mutation: You have a pair of small antennae on your head. [mutagenic meat]
 35528 | Vaults:3 | Gained mutation: You tend to lose your temper in combat. [mutagenic meat]
 35533 | Vaults:3 | Gained mutation: You passively map a small area around you. [mutagenic meat]
 35534 | Vaults:3 | Lost mutation: You tend to lose your temper in combat. [mutagenic meat]
 36040 | Vaults:2 | Lost mutation: You can translocate small distances at will. [mutagenic meat]
 36073 | Vaults:2 | Killed Frederick
 36259 | Vaults:2 | Noticed furman's ghost (adept MiBe)
 36417 | Vaults:1 | Lost mutation: Your mind is acute. (Int +2) [mutagenic meat]
 36426 | Vaults:1 | Lost mutation: Your natural rate of healing is unusually fast. [mutagenic meat]
 36427 | Vaults:1 | Gained mutation: Your mind is acute. (Int +2) [mutagenic meat]
 36483 | D:14     | Lost mutation: You are highly resistant to hostile enchantments. [potion of cure mutation]
 36483 | D:14     | Lost mutation: You are resistant to hostile enchantments. [potion of cure mutation]
 36483 | D:14     | Lost mutation: Your mind is acute. (Int +2) [potion of cure mutation]
 36483 | D:14     | Lost mutation: You are sometimes teleported next to monsters. [potion of cure mutation]
 36483 | D:14     | Lost mutation: Your spells are a little harder to cast, but a little more powerful. [potion of cure mutation]
 36484 | D:14     | Lost mutation: You are occasionally teleported next to monsters. [potion of cure mutation]
 36484 | D:14     | Lost mutation: You passively map a small area around you. [potion of cure mutation]
 36484 | D:14     | Lost mutation: You have a pair of small antennae on your head. [potion of cure mutation]
 36484 | D:14     | Lost mutation: Your muscles are strong. (Str +2) [potion of cure mutation]
 36484 | D:14     | Lost mutation: You have an increased reservoir of magic (+10% MP). [potion of cure mutation]
 36750 | Elf:1    | Entered Level 1 of the Elven Halls
 37042 | Vaults:1 | Noticed Nikola
 37042 | Vaults:1 | Noticed Saint Roka
 37174 | Vaults:1 | Killed kroki's ghost
 37277 | Vaults:1 | Killed Nikola
 37816 | Vaults:1 | Got a twitching crystal amulet
 37916 | Vaults:1 | Reached skill level 21 in Shields
 37993 | Vaults:1 | Reached XP level 20. HP: 60/125 MP: 24/33
 38617 | Vaults:1 | Reached skill level 10 in Spellcasting
 39349 | Elf:1    | Learned a level 2 spell: Shroud of Golubria
 39740 | Elf:1    | Noticed Asterion
 39763 | Elf:1    | Killed Asterion
 40420 | Elf:2    | Found a runed gate.
 40420 | Elf:2    | Found a runed gate.
 40420 | Elf:2    | Found a runed gate.
 40597 | Elf:2    | Identified the amulet of Weth {Reflect rC+ Str-4 Int+5 SH+5 Stlth+} (You found it on level 1 of the Vaults)
 40793 | Elf:2    | Gained mutation: You expend magic power (3 MP) to strengthen your wands. [potion of mutation]
 40793 | Elf:2    | Gained mutation: Your body sometimes deteriorates upon taking damage. [potion of mutation]
 40821 | Elf:2    | Gained mutation: Your muscles are strong. (Str +2) [potion of mutation]
 40821 | Elf:2    | Gained mutation: You are partially covered in thin metallic scales (AC +2). [potion of mutation]
 40821 | Elf:2    | Gained mutation: You tend to lose your temper in combat. [potion of mutation]
 41579 | Elf:3    | Entered Level 3 of the Elven Halls
 41588 | Elf:3    | Learned a level 5 spell: Phase Shift
 41777 | Elf:3    | Reached XP level 21. HP: 101/135 MP: 6/36
 41910 | Elf:3    | Reached skill level 10 in Dodging
 42505 | Elf:3    | Identified the Almanac of Protection and Orientation
 42511 | Elf:3    | Learned a level 3 spell: Ozocubu's Armour
 42754 | Elf:3    | Found an ancient bone altar of Kikubaaqudgha.
 42823 | Elf:3    | Identified a +5 rod of shadows (9/9) (You took it off a deep elf knight on level 3 of the Elven Halls)
 42840 | Elf:3    | Identified Jopneh's Catalogue of Hurtful Earth (You found it on level 3 of the Elven Halls)
 42911 | Elf:3    | Reached skill level 1 in Translocations
 43045 | Elf:3    | Reached skill level 1 in Charms
 43657 | Lair:7   | Reached skill level 1 in Unarmed Combat
 43671 | Slime:1  | Entered Level 1 of the Pits of Slime
 43902 | Slime:3  | Noticed Dissolution
 43907 | Slime:3  | Paralysed by a giant eyeball for 3 turns
 43915 | Slime:3  | Paralysed by a giant eyeball for 3 turns
 44623 | Slime:4  | Gained mutation: You are occasionally teleported next to monsters. [a shining eye]
 44650 | Slime:3  | Reached skill level 10 in Evocations
 44729 | Slime:4  | Gained mutation: You are frail (-10% HP). [a shining eye]
 45081 | Slime:6  | Entered Level 6 of the Pits of Slime
 45141 | Slime:6  | Reached skill level 10 in Fighting
 45420 | Slime:6  | Reached XP level 22. HP: 128/128 MP: 30/38
 45527 | Slime:6  | Gained mutation: Your spells are a little easier to cast, but a little less powerful. [a shining eye]
 45532 | Slime:6  | Noticed the Royal Jelly
 45556 | Slime:6  | Found a viscous altar of Jiyva.
 46555 | Slime:6  | Killed the Royal Jelly
 46666 | Slime:6  | Identified Sif Muna's Papyrus of the Earthen Glacier (You found it on level 6 of the Pits of Slime)
 46697 | Slime:6  | Learned a level 4 spell: Leda's Liquefaction
 46708 | Slime:6  | Got a warped blowgun
 46718 | Slime:6  | Gained mutation: You are surrounded by a mild repulsion field (EV +2). [potion of mutation]
 46718 | Slime:6  | Lost mutation: Your body sometimes deteriorates upon taking damage. [potion of mutation]
 46722 | Slime:6  | Got a slimy rune of Zot
 46736 | Slime:6  | Lost mutation: Your muscles are strong. (Str +2) [potion of mutation]
 46736 | Slime:6  | Lost mutation: You are frail (-10% HP). [potion of mutation]
 46736 | Slime:6  | Gained mutation: You possess an exceptional clarity of mind. [potion of mutation]
 46818 | Slime:6  | Learned a level 2 spell: Swiftness
 46819 | Slime:6  | Got a pitted zirconium amulet
 46820 | Slime:6  | Identified the amulet of Luyream {RegenMP Str+4} (You found it on level 6 of the Pits of Slime)
 46822 | Slime:6  | Identified the +11 blowgun of Okawaru's Benevolence {evade, Str+4} (You found it on level 6 of the Pits of Slime)
 46948 | Slime:6  | Got a bloodstained trident
 46949 | Slime:6  | Identified the +5 trident "Erio" {pierce, +Rage rF+} (You found it on level 6 of the Pits of Slime)
 47192 | Slime:6  | Upgraded the game from 0.18-a0-1285-g60d00e1 to 0.18-a0-1292-ge8ad84c
 47882 | Vaults:1 | Killed Saint Roka
 48241 | Vaults:1 | Noticed Jorgrun
 48248 | Vaults:1 | Killed Jorgrun
 49010 | Vaults:2 | Gained mutation: Your flesh is heat resistant. [mutagenic meat]
 49013 | Vaults:2 | Gained mutation: You are clumsy. (Dex -2) [mutagenic meat]
 49014 | Vaults:2 | Lost mutation: Your spells are a little easier to cast, but a little less powerful. [mutagenic meat]
 49027 | Vaults:2 | Lost mutation: You expend magic power (3 MP) to strengthen your wands. [mutagenic meat]
 49028 | Vaults:2 | Lost mutation: You possess an exceptional clarity of mind. [mutagenic meat]
 49148 | Vaults:2 | Found an opulent altar of Gozag.
 49633 | Vaults:2 | Found a staircase to the Crypt.
 49633 | Vaults:2 | Found an ancient bone altar of Kikubaaqudgha.
 49634 | Vaults:2 | Found a basalt altar of Yredelemnul.
 49791 | Vaults:2 | Killed furman's ghost
 49817 | Vaults:2 | Reached skill level 15 in Stealth
 49950 | Vaults:2 | Reached skill level 5 in Unarmed Combat
 49981 | Vaults:2 | Reached skill level 5 in Translocations
 50214 | Vaults:2 | Lost mutation: You are partially covered in thin metallic scales (AC +2). [mutagenic meat]
 50215 | Vaults:2 | Gained mutation: Your magical capacity is low (-10% MP). [mutagenic meat]
 50216 | Vaults:2 | Gained mutation: Scrolls take you a little longer to read. [mutagenic meat]
 50675 | Vaults:4 | Found Taloth's Armour Shop.
 50850 | Vaults:4 | Reached XP level 23. HP: 129/149 MP: 16/36
 50956 | Vaults:4 | Gained mutation: You are sometimes teleported next to monsters. [mutagenic meat]
 50957 | Vaults:4 | Gained mutation: One of your tentacles bears a spike. [mutagenic meat]
 50962 | Vaults:4 | Lost mutation: Scrolls take you a little longer to read. [mutagenic meat]
 50963 | Vaults:4 | Lost mutation: You are surrounded by a mild repulsion field (EV +2). [mutagenic meat]
 50964 | Vaults:4 | Gained mutation: You are surrounded by a mild repulsion field (EV +2). [mutagenic meat]
 50966 | Vaults:4 | Lost mutation: One of your tentacles bears a spike. [mutagenic meat]
 51214 | Vaults:4 | Paralysed by a sphinx for 3 turns
 51309 | Vaults:4 | Gained mutation: You often lose your temper in combat. [mutagenic meat]
 51310 | Vaults:4 | Lost mutation: You often lose your temper in combat. [mutagenic meat]
 51312 | Vaults:4 | Gained mutation: Scrolls take you a little longer to read. [mutagenic meat]
 51773 | Vaults:4 | Reached skill level 5 in Charms
 51848 | Vaults:4 | Gained mutation: You are weak. (Str -2) [mutagenic meat]
 51849 | Vaults:4 | Gained mutation: You are dopey. (Int -2) [mutagenic meat]
 51850 | Vaults:4 | Gained mutation: You regenerate slowly when monsters are visible. [mutagenic meat]
 52052 | Vaults:4 | Gained mutation: You are very dopey. (Int -4) [mutagenic meat]
 52835 | D:12     | Learned a level 3 spell: Mephitic Cloud
 53018 | Orc:2    | Bought a potion of cure mutation for 220 gold pieces
 53022 | Orc:2    | Lost mutation: You are clumsy. (Dex -2) [potion of cure mutation]
 53022 | Orc:2    | Lost mutation: You are weak. (Str -2) [potion of cure mutation]
 53022 | Orc:2    | Lost mutation: Your magical capacity is low (-10% MP). [potion of cure mutation]
 53022 | Orc:2    | Lost mutation: Your flesh is heat resistant. [potion of cure mutation]
 53022 | Orc:2    | Lost mutation: Scrolls take you a little longer to read. [potion of cure mutation]
 53545 | Vaults:5 | Entered Level 5 of the Vaults
 53547 | Vaults:5 | Noticed a golden dragon
 53547 | Vaults:5 | Noticed a golden dragon
 53612 | Vaults:5 | Noticed an ancient lich
 53859 | Vaults:5 | Killed an ancient lich
 54033 | Vaults:5 | Reached XP level 24. HP: 104/155 MP: 2/41
 54036 | Vaults:5 | Noticed a caustic shrike
 54036 | Vaults:5 | an iron troll changed into a caustic shrike
 54038 | Vaults:5 | a caustic shrike changed into a shadow dragon
 54705 | D:15     | Lost mutation: You are very dopey. (Int -4) [mutagenic meat]
 54706 | D:15     | Gained mutation: You possess an exceptional clarity of mind. [mutagenic meat]
 54707 | D:15     | Gained mutation: You are partially covered in molten scales (AC +1). [mutagenic meat]
 54708 | D:15     | Lost mutation: You tend to lose your temper in combat. [mutagenic meat]
 54904 | D:15     | Found a sparkling altar of Nemelex Xobeh.
 54992 | D:15     | Found a staircase to the Depths.
 55009 | D:15     | Reached skill level 15 in Spellcasting
 55699 | Depths:1 | Entered Level 1 of the Depths
 56240 | Depths:1 | Found a gateway to Hell.
 56862 | Depths:2 | Lost mutation: You possess an exceptional clarity of mind. [mutagenic meat]
 56863 | Depths:2 | Gained mutation: Your spells are a little harder to cast, but a little more powerful. [mutagenic meat]
 56864 | Depths:2 | Lost mutation: You are sometimes teleported next to monsters. [mutagenic meat]
 56865 | Depths:2 | Gained mutation: Scrolls take you a little longer to read. [mutagenic meat]
 56867 | Depths:2 | Gained mutation: Scrolls take you longer to read. [mutagenic meat]
 56868 | Depths:2 | Gained mutation: You possess an exceptional clarity of mind. [mutagenic meat]
 56869 | Depths:2 | Lost mutation: You are partially covered in large bone plates (AC +2, SH +2). [mutagenic meat]
 56872 | Depths:2 | Gained mutation: You passively map a small area around you. [mutagenic meat]
 56873 | Depths:2 | Gained mutation: Your system is resistant to poisons. [mutagenic meat]
 56875 | Depths:2 | Lost mutation: Your system is resistant to poisons. [mutagenic meat]
 56876 | Depths:2 | Gained mutation: Your magical capacity is low (-10% MP). [mutagenic meat]
 56877 | Depths:2 | Lost mutation: You regenerate slowly when monsters are visible. [mutagenic meat]
 56903 | Depths:2 | Found Defote Cuto's Serpentskin Sales.
 56907 | Depths:2 | Bought 2 curare-tipped needles for 24 gold pieces
 57048 | Depths:2 | Found a one-way gate leading to the halls of Pandemonium.
 57168 | Depths:2 | Reached skill level 15 in Evocations
 57189 | Depths:2 | Found a gateway to a ziggurat.
 57198 | Depths:2 | Gained mutation: You are frail (-10% HP). [mutagenic meat]
 57201 | Depths:2 | Gained mutation: You are agile. (Dex +2) [mutagenic meat]
 57216 | Depths:2 | Gained mutation: You evolve. [mutagenic meat]
 57217 | Depths:2 | Lost mutation: You are agile. (Dex +2) [mutagenic meat]
 57403 | Depths:2 | Lost mutation: You are dopey. (Int -2) [potion of cure mutation]
 57403 | Depths:2 | Lost mutation: You are frail (-10% HP). [potion of cure mutation]
 57403 | Depths:2 | Lost mutation: Scrolls take you longer to read. [potion of cure mutation]
 57403 | Depths:2 | Lost mutation: Scrolls take you a little longer to read. [potion of cure mutation]
 57403 | Depths:2 | Lost mutation: You evolve. [potion of cure mutation]
 57434 | Depths:2 | Noticed a juggernaut
 57461 | Depths:2 | Killed a juggernaut
 57510 | Depths:2 | Identified Qibaeh's Disquisition on Snow and Attacks (You found it on level 2 of the Depths)
 57643 | Depths:2 | Got an encrusted hunting sling
 57644 | Depths:2 | Identified the +9 hunting sling of Dung {venom, Int+6 Stlth-} (You found it on level 2 of the Depths)
 57710 | Depths:2 | Found a corrupted altar of Lugonu.
 57711 | Depths:2 | Found a one-way gate to the infinite horrors of the Abyss.
 57737 | Depths:2 | Noticed a caustic shrike
 57748 | Depths:2 | Killed a caustic shrike
 57915 | Zig:1    | Entered Level 1 of a ziggurat
 57937 | Zig:2    | Entered Level 2 of a ziggurat
 57944 | Zig:2    | Reached XP level 25. HP: 161/161 MP: 35/38
 57971 | Zig:3    | Entered Level 3 of a ziggurat
 58020 | Zig:3    | Identified the Reference Book on Dusty Shape Shifting (You found it on level 3 of a ziggurat)
 58127 | Zig:4    | Entered Level 4 of a ziggurat
 58215 | Zig:4    | Got a sparkling brass ring
 58216 | Zig:4    | Identified the ring of Finality {*Tele rElec Str+4 Dex+4 Stlth+} (You found it on level 4 of a ziggurat)
 58237 | Zig:5    | Entered Level 5 of a ziggurat
 58344 | Zig:5    | Gained mutation: Your body sometimes deteriorates upon taking damage. [a neqoxec]
 58398 | Zig:6    | Entered Level 6 of a ziggurat
 58516 | Zig:6    | Reached XP level 26. HP: 100/166 MP: 17/38
 58546 | Zig:6    | Gained mutation: You are agile. (Dex +2) [potion of beneficial mutation]
 58618 | Zig:7    | Entered Level 7 of a ziggurat
 58861 | Zig:8    | Entered Level 8 of a ziggurat
 59058 | Zig:9    | Entered Level 9 of a ziggurat
 59144 | Zig:9    | Reached XP level 27. HP: 71/171 MP: 18/38
 59261 | Zig:10   | Entered Level 10 of a ziggurat
 59285 | Zig:10   | Reached skill level 10 in Charms
 59376 | Zig:10   | Lost mutation: You passively map a small area around you. [potion of cure mutation]
 59376 | Zig:10   | Lost mutation: You possess an exceptional clarity of mind. [potion of cure mutation]
 59376 | Zig:10   | Lost mutation: You are surrounded by a mild repulsion field (EV +2). [potion of cure mutation]
 59376 | Zig:10   | Lost mutation: Your body sometimes deteriorates upon taking damage. [potion of cure mutation]
 59376 | Zig:10   | Lost mutation: Your spells are a little harder to cast, but a little more powerful. [potion of cure mutation]
 59376 | Zig:10   | Lost mutation: Your magical capacity is low (-10% MP). [potion of cure mutation]
 59384 | Zig:10   | Identified the Grimoire of Excruciating Air (You found it on level 10 of a ziggurat)
 59391 | Zig:10   | Learned a level 4 spell: Summon Lightning Spire
 59570 | Zig:11   | Entered Level 11 of a ziggurat
 59844 | Depths:2 | Lost mutation: You are partially covered in molten scales (AC +1). [potion of cure mutation]
 59844 | Depths:2 | Lost mutation: You are agile. (Dex +2) [potion of cure mutation]
 59844 | Depths:2 | Lost mutation: You are occasionally teleported next to monsters. [potion of cure mutation]
 60437 | Spider:3 | Learned a level 6 spell: Haste
 60444 | Spider:3 | Learned a level 6 spell: Deflect Missiles
 60930 | Vaults:4 | Reached skill level 5 in Air Magic
 61247 | Vaults:5 | Gained mutation: Scrolls take you a little longer to read. [mutagenic meat]
 61248 | Vaults:5 | Gained mutation: You are weak. (Str -2) [mutagenic meat]
 61249 | Vaults:5 | Gained mutation: You are frail (-10% HP). [mutagenic meat]
 61250 | Vaults:5 | Gained mutation: You are dopey. (Int -2) [mutagenic meat]
 61251 | Vaults:5 | Gained mutation: You are very frail (-20% HP). [mutagenic meat]
 61269 | Vaults:5 | Found Simidda's Jewellery Shop.
 61281 | Vaults:5 | Bought the ring of Juworghid {rElec rC+ MR++ Int+6} for 720 gold pieces
 61601 | Vaults:5 | Noticed an ancient lich
 61607 | Vaults:5 | Killed an ancient lich
 61616 | Vaults:5 | Gained mutation: You tend to lose your temper in combat. [mutagenic meat]
 61617 | Vaults:5 | Gained mutation: Your magical capacity is low (-10% MP). [mutagenic meat]
 61618 | Vaults:5 | Gained mutation: Your flesh is cold resistant. [mutagenic meat]
 61619 | Vaults:5 | Gained mutation: You occasionally shout uncontrollably at your foes. [mutagenic meat]
 61746 | Vaults:5 | Identified the Reference Book on Displacement and the Glacier (You found it on level 5 of the Vaults)
 61769 | Vaults:5 | Reached skill level 10 in Unarmed Combat
 62011 | Vaults:5 | Found Kiebagum's Magic Scroll Shoppe.
 62011 | Vaults:5 | Found Noquacs's Distillery.
 62014 | Vaults:5 | Found Wadetaus's Magic Scroll Boutique.
 62015 | Vaults:5 | Bought a scroll of recharging for 114 gold pieces
 62034 | Vaults:5 | Bought a scroll of recharging for 152 gold pieces
 62181 | Vaults:5 | Found Ixoig's Armour Boutique.
 62512 | Vaults:5 | Found Soelemn's Food Shoppe.
 62512 | Vaults:5 | Found Ulegant's Food Shop.
 62516 | Vaults:5 | Bought a bread ration for 50 gold pieces
 62516 | Vaults:5 | Bought a bread ration for 50 gold pieces
 62516 | Vaults:5 | Bought a bread ration for 50 gold pieces
 62516 | Vaults:5 | Bought a fruit for 15 gold pieces
 62522 | Vaults:5 | Found Plog's Magic Scroll Emporium.
 62523 | Vaults:5 | Bought a bread ration for 60 gold pieces
 62523 | Vaults:5 | Bought a bread ration for 60 gold pieces
 62523 | Vaults:5 | Bought a bread ration for 60 gold pieces
 62530 | Vaults:5 | Bought a scroll of recharging for 190 gold pieces
 62530 | Vaults:5 | Bought a scroll of blinking for 150 gold pieces
 62530 | Vaults:5 | Bought a scroll of blinking for 150 gold pieces
 62530 | Vaults:5 | Bought a scroll of blinking for 150 gold pieces
 62542 | Vaults:5 | Bought a scroll of recharging for 114 gold pieces
 62550 | Vaults:5 | Bought a potion of heal wounds for 65 gold pieces
 62550 | Vaults:5 | Bought a potion of heal wounds for 65 gold pieces
 62550 | Vaults:5 | Bought a potion of might for 52 gold pieces
 62550 | Vaults:5 | Bought a potion of resistance for 130 gold pieces
 62550 | Vaults:5 | Bought a potion of curing for 39 gold pieces
 62550 | Vaults:5 | Bought a potion of agility for 52 gold pieces
 62625 | Vaults:5 | Found Jacuazew's Gadget Shoppe.
 62629 | Vaults:5 | Bought a +2 rod of inaccuracy (11/11) for 1710 gold pieces
 62650 | Vaults:5 | Got a silver rune of Zot
 62799 | Vaults:5 | Found Ascho's Magic Scroll Emporium.
 62803 | Vaults:5 | Bought a scroll of recharging for 171 gold pieces
 62815 | Vaults:5 | Found Tuleluz's Magic Scroll Shoppe.
 62819 | Vaults:5 | Bought 2 scrolls of acquirement for 1976 gold pieces
 63292 | Crypt:1  | Entered Level 1 of the Crypt
 64607 | Crypt:2  | Identified the Almanac of Enhancements
 65398 | Crypt:3  | Entered Level 3 of the Crypt
 65458 | Crypt:3  | Gained mutation: Your spells are a little harder to cast, but a little more powerful. [potion of mutation]
 65458 | Crypt:3  | Gained mutation: You are very dopey. (Int -4) [potion of mutation]
 65458 | Crypt:3  | Gained mutation: Your body sometimes deteriorates upon taking damage. [potion of mutation]
 65725 | Crypt:3  | Found a staircase to the Tomb.
 66129 | Crypt:3  | Found a basalt altar of Yredelemnul.
 66182 | Crypt:3  | Noticed an ancient lich
 66202 | Crypt:3  | Killed an ancient lich
 66281 | Crypt:3  | Got a warped tin ring
 66284 | Crypt:3  | Identified the ring of Ybiohisur {rN+ SInv} (You found it on level 3 of the Crypt)
 66288 | Crypt:3  | Got a scintillating bone ring
 66289 | Crypt:3  | Identified the ring "Ewouleud" {rC+ rN+ MR- Int+4} (You found it on level 3 of the Crypt)
 66293 | Crypt:3  | Got a fine silver ring
 66295 | Crypt:3  | Identified the ring of Ferul {rN+ Int+2 SInv} (You found it on level 3 of the Crypt)
 66299 | Crypt:3  | Identified Byguol's Almanac of Talismans and Changing (You found it on level 3 of the Crypt)
 66671 | Crypt:3  | Identified Kikubaaqudgha's Disquisition on Assistive Stolen Souls
 66725 | Crypt:3  | Reached skill level 15 in Dodging
 67252 | D:14     | Killed 4thArraOfDagon's ghost
 67277 | D:15     | Lost mutation: Your flesh is cold resistant. [potion of cure mutation]
 67277 | D:15     | Lost mutation: You are very dopey. (Int -4) [potion of cure mutation]
 67277 | D:15     | Lost mutation: Your spells are a little harder to cast, but a little more powerful. [potion of cure mutation]
 67277 | D:15     | Lost mutation: You tend to lose your temper in combat. [potion of cure mutation]
 67534 | Depths:3 | Found a magical portal.
 67562 | WizLab   | Entered Wucad Mu's Monastery
 68049 | WizLab   | Gained mutation: One of your tentacles bears a spike. [potion of beneficial mutation]
 68246 | Depths:3 | Noticed Jory
 68264 | Depths:3 | Killed Jory
 68277 | Depths:3 | Gained mutation: You have a pair of small antennae on your head. [mutagenic meat]
 68283 | Depths:3 | Lost mutation: You are very frail (-20% HP). [mutagenic meat]
 68290 | Depths:3 | Lost mutation: Scrolls take you a little longer to read. [mutagenic meat]
 68404 | Depths:3 | Noticed Norris
 68416 | Depths:3 | Killed Norris
 68521 | Depths:3 | Found a runed door.
 68708 | Depths:3 | Lost mutation: You are frail (-10% HP). [helix card]
 68708 | Depths:3 | Gained mutation: Your body often deteriorates upon taking damage. [helix card]
 68934 | Depths:3 | Lost mutation: You are dopey. (Int -2) [mutagenic meat]
 68935 | Depths:3 | Lost mutation: One of your tentacles bears a spike. [mutagenic meat]
 68937 | Depths:3 | Gained mutation: You regenerate slowly when monsters are visible. [mutagenic meat]
 68941 | Depths:3 | Gained mutation: One of your tentacles bears a spike. [mutagenic meat]
 68942 | Depths:3 | Gained mutation: You tend to lose your temper in combat. [mutagenic meat]
 68943 | Depths:3 | Gained mutation: Your spells are a little easier to cast, but a little less powerful. [mutagenic meat]
 68944 | Depths:3 | Lost mutation: Your magical capacity is low (-10% MP). [mutagenic meat]
 68945 | Depths:3 | Lost mutation: You regenerate slowly when monsters are visible. [mutagenic meat]
 69680 | Depths:4 | Identified the Reference Book on Cold
 69942 | Depths:4 | Found Puopazaxt's Antique Weapon Shoppe.
 70001 | Depths:4 | Gained mutation: You are somewhat resistant to further mutation. [mutagenic meat]
 70006 | Depths:4 | Gained mutation: You are resistant to hostile enchantments. [mutagenic meat]
 70354 | Depths:5 | Entered Level 5 of the Depths
 70400 | Depths:5 | Noticed a juggernaut
 70516 | Depths:5 | Noticed a juggernaut
 70525 | Depths:5 | Killed a juggernaut
 70586 | Depths:5 | Noticed a juggernaut
 70711 | Depths:4 | Killed a juggernaut
 71131 | Depths:5 | Killed a juggernaut
 71419 | Depths:5 | Found a gate to the Realm of Zot.
 72115 | Crypt:3  | Learned a level 2 spell: Blink
 72814 | Shoals:3 | Killed Mara
 74050 | Hell     | Entered the Vestibule of Hell
 74071 | Hell     | Noticed Geryon
 74087 | Hell     | Killed Geryon
 74634 | Shoals:2 | Bought a wand of disintegration for 136 gold pieces
 76077 | Depths:1 | Learned a level 6 spell: Iron Shot
 76142 | Pan      | Entered Pandemonium
 76568 | Pan      | Reached skill level 1 in Conjurations
 76705 | Pan      | Found an exit through the horrors of the Abyss.
 76810 | Pan      | Noticed Etitus the pandemonium lord
 76828 | Pan      | Killed Etitus the pandemonium lord
 76848 | Pan      | Got a demonic rune of Zot
 77447 | Pan      | Noticed Nodut the pandemonium lord
 77464 | Pan      | Killed Nodut the pandemonium lord
 77884 | Pan      | Found an exit through the horrors of the Abyss.
 78334 | Pan      | Noticed Vifij the pandemonium lord
 78343 | Pan      | Killed Vifij the pandemonium lord
 78631 | Pan      | Lost mutation: You tend to lose your temper in combat. [potion of cure mutation]
 78631 | Pan      | Lost mutation: You are weak. (Str -2) [potion of cure mutation]
 78631 | Pan      | Lost mutation: You occasionally shout uncontrollably at your foes. [potion of cure mutation]
 78631 | Pan      | Lost mutation: Your body often deteriorates upon taking damage. [potion of cure mutation]
 78631 | Pan      | Lost mutation: Your spells are a little easier to cast, but a little less powerful. [potion of cure mutation]
 78913 | Pan      | Found an exit through the horrors of the Abyss.
 79200 | Pan      | Noticed Voqir the pandemonium lord
 79213 | Pan      | Killed Voqir the pandemonium lord
 79218 | Pan      | Gained mutation: Your body often deteriorates upon taking damage. [a cacodemon]
 79324 | Pan      | Found an exit through the horrors of the Abyss.
 79402 | Pan      | Reached skill level 5 in Conjurations
 79453 | Pan      | Identified a -2 rod of shadows (10/10) (You found it in Pandemonium)
 79934 | Pan      | Reached skill level 10 in Translocations
 80001 | Pan      | Noticed Mennas
 80110 | Pan      | Killed Mennas
 80150 | Pan      | Found an exit through the horrors of the Abyss.
 80564 | Pan      | Noticed Ruudd the pandemonium lord
 80615 | Pan      | Killed Ruudd the pandemonium lord
 80841 | Pan      | Found an exit through the horrors of the Abyss.
 81491 | Pan      | Noticed Micynall the pandemonium lord
 81510 | Pan      | Killed Micynall the pandemonium lord
 81587 | Pan      | Found an exit through the horrors of the Abyss.
 81842 | Pan      | Reached skill level 15 in Translocations
 82075 | Pan      | Noticed Hoipror the pandemonium lord
 82085 | Pan      | Killed Hoipror the pandemonium lord
 82314 | Pan      | Found an exit through the horrors of the Abyss.
 82644 | Pan      | Took an exit into the Abyss.
 82644 | Abyss:1  | Escaped into the Abyss
 83081 | Abyss:1  | Found a corrupted altar of Lugonu.
 83149 | Abyss:1  | Found a corrupted altar of Lugonu.
 83455 | Abyss:1  | Gained mutation: You are weak. (Str -2) [mutagenic meat]
 83457 | Abyss:1  | Gained mutation: You are dopey. (Int -2) [mutagenic meat]
 84105 | Depths:2 | Escaped the Abyss
 84107 | Depths:2 | Upgraded the game from 0.18-a0-1292-ge8ad84c to 0.18-a0-1293-g5a2c81a
 84116 | Pan      | Entered Pandemonium
 84207 | Pan      | Gained mutation: Scrolls take you a little longer to read. [a cacodemon]
 84208 | Pan      | Noticed Lirorch the pandemonium lord
 84221 | Pan      | Found an exit through the horrors of the Abyss.
 84371 | Pan      | Noticed Gegreel the pandemonium lord
 84378 | Pan      | Killed Gegreel the pandemonium lord
 85038 | Pan      | Entered the realm of Cerebov.
 85123 | Pan      | Found an exit through the horrors of the Abyss.
 85342 | Pan      | Got a slimy bronze amulet
 85682 | Pan      | Reached skill level 15 in Unarmed Combat
 86010 | Pan      | Noticed Cerebov
 86085 | Pan      | Killed Cerebov
 86148 | Pan      | Learned a level 1 spell: Apportation
 86170 | Pan      | Identified the Catalogue of the Compass (You found it in Pandemonium)
 86245 | Pan      | Got a fiery rune of Zot
 86830 | Pan      | Entered the realm of Gloorx Vloq.
 86959 | Pan      | Found an exit through the horrors of the Abyss.
 87376 | Pan      | Noticed Gloorx Vloq
 88039 | Pan      | Killed Gloorx Vloq
 88408 | Pan      | Got a dark rune of Zot
 88596 | Pan      | Took an exit into the Abyss.
 88596 | Abyss:1  | Escaped into the Abyss
 88696 | Abyss:1  | Paralysed by accursed screaming for 2 turns
 88713 | Abyss:1  | Reached skill level 15 in Invocations
 88805 | Abyss:1  | Found a bloodstained altar of Trog.
 89686 | Depths:2 | Escaped the Abyss
 89756 | Depths:1 | Identified the amulet "Cyrejysae" {RegenMP Int+5} (You took it off a balrug in Pandemonium)
 89885 | Depths:1 | Gained mutation: You have a pair of antennae on your head. [mutagenic meat]
 90259 | Vaults:5 | Bought a potion of invisibility for 104 gold pieces
 90275 | Vaults:5 | Bought a scroll of enchant armour for 150 gold pieces
 90328 | Vaults:5 | Bought a scroll of amnesia for 56 gold pieces
 91270 | Lair:2   | Learned a level 8 spell: Controlled Blink
 91472 | Orc:2    | Bought a potion of curing for 48 gold pieces
 91472 | Orc:2    | Bought a potion of mutation for 40 gold pieces
 91472 | Orc:2    | Bought a potion of resistance for 160 gold pieces
 91513 | Orc:2    | Bought a potion of resistance for 110 gold pieces
 91713 | Orc:2    | Bought a ring of the Octopus King {SustAt AC+1 EV+1 Str+1 Int+1 Dex+1} for 392 gold pieces
 92017 | Pan      | Entered the realm of Mnoleg.
 92017 | Pan      | Entered Pandemonium
 92027 | Pan      | Reached skill level 1 in Summonings
 92327 | Pan      | Lost mutation: Your body often deteriorates upon taking damage. [mutagenic meat]
 92346 | Pan      | Noticed Mnoleg
 92433 | Pan      | Gained mutation: You are very weak. (Str -4) [a cacodemon]
 92438 | Pan      | Killed Mnoleg
 92457 | Pan      | Gained mutation: You tend to lose your temper in combat. [a neqoxec]
 92552 | Pan      | Got a glowing rune of Zot
 92615 | Pan      | Gained mutation: Scrolls take you longer to read. [a cacodemon]
 92618 | Pan      | Reached skill level 5 in Summonings
 92674 | Pan      | Found an exit through the horrors of the Abyss.
 92945 | Pan      | Found an exit through the horrors of the Abyss.
 93141 | Pan      | Noticed Likia the pandemonium lord
 93150 | Pan      | Killed Likia the pandemonium lord
 93411 | Pan      | Noticed Acownuka the pandemonium lord
 93424 | Pan      | Killed Acownuka the pandemonium lord
 93509 | Pan      | Got a faintly glowing copper ring
 93602 | Pan      | Found an exit through the horrors of the Abyss.
 93790 | Pan      | Got a fine marble ring
 93795 | Pan      | Identified the Tome of Torrid Combat Magic
 94064 | Pan      | Found an exit through the horrors of the Abyss.
 94128 | Pan      | Noticed Foadyfy the pandemonium lord
 94135 | Pan      | Killed Foadyfy the pandemonium lord
 94588 | Pan      | Found an exit through the horrors of the Abyss.
 94608 | Pan      | Noticed Tiorch Wyav the pandemonium lord
 95601 | Pan      | Noticed Cavvelo the pandemonium lord
 95616 | Pan      | Killed Cavvelo the pandemonium lord
 95774 | Pan      | Identified the ring "Gahek Rudiu" {rF+ MR+ Dex+5} (You took it off a torturous demonspawn in Pandemonium)
 95866 | Pan      | Found an exit through the horrors of the Abyss.
 96133 | Pan      | Noticed Xihehep the pandemonium lord
 96152 | Pan      | Killed Xihehep the pandemonium lord
 96194 | Pan      | Reached skill level 22 in Unarmed Combat
 96215 | Pan      | Identified the ring of the Pure Souls {MR+ MP+9} (You found it in Pandemonium)
 96469 | Pan      | Found an exit through the horrors of the Abyss.
 96976 | Pan      | Noticed Jiyle Zoulu the pandemonium lord
 97059 | Pan      | Killed Jiyle Zoulu the pandemonium lord
 97059 | Pan      | Reached skill level 23 in Unarmed Combat
 97184 | Pan      | Found an exit through the horrors of the Abyss.
 97186 | Pan      | Found a runed door.
 97207 | Pan      | Found a runed door.
 97615 | Pan      | Found a runed door.
 97625 | Pan      | Found a runed door.
 97640 | Pan      | Noticed Wiumetic the pandemonium lord
 97647 | Pan      | Killed Wiumetic the pandemonium lord
 97977 | Pan      | Entered the realm of Lom Lobon.
 97993 | Pan      | Found an exit through the horrors of the Abyss.
 98205 | Pan      | Reached skill level 24 in Unarmed Combat
 98612 | Pan      | Noticed Lom Lobon
 98708 | Pan      | Killed Lom Lobon
 98773 | Pan      | Got a magical rune of Zot
 99283 | Pan      | Reached skill level 25 in Unarmed Combat
 99377 | Pan      | Noticed Juucesm the pandemonium lord
 99388 | Pan      | Killed Juucesm the pandemonium lord
 99405 | Pan      | Lost mutation: Your body sometimes deteriorates upon taking damage. [potion of mutation]
 99690 | Pan      | Found an exit through the horrors of the Abyss.
 99713 | Pan      | Noticed Symuse the pandemonium lord
 99800 | Pan      | Gained mutation: You are robust (+10% HP). [mutagenic glow]
100130 | Pan      | Reached skill level 26 in Unarmed Combat
100239 | Pan      | Found an exit through the horrors of the Abyss.
100401 | Pan      | Killed Symuse the pandemonium lord
100417 | Depths:2 | Escaped Pandemonium
100432 | Depths:2 | Learned a level 7 spell: Malign Gateway
100445 | Pan      | Entered Pandemonium
100467 | Pan      | Found an exit through the horrors of the Abyss.
100515 | Pan      | Noticed Zysufoob the pandemonium lord
100568 | Pan      | Killed Zysufoob the pandemonium lord
100872 | Pan      | Gained mutation: You expend magic power (3 MP) to strengthen your wands. [a cacodemon]
101058 | Pan      | Found an exit through the horrors of the Abyss.
101145 | Pan      | Noticed Mublenucw the pandemonium lord
101159 | Pan      | Killed Mublenucw the pandemonium lord
101159 | Pan      | Reached skill level 27 in Unarmed Combat
101507 | Pan      | Noticed nublet's ghost (master MiGl)
101550 | Pan      | Killed nublet's ghost
101728 | Pan      | Noticed Bieh Feu the pandemonium lord
101743 | Pan      | Reached skill level 10 in Summonings
101746 | Pan      | Gained mutation: Your body sometimes deteriorates upon taking damage. [a cacodemon]
101759 | Pan      | Killed Bieh Feu the pandemonium lord
102326 | Pan      | Found an exit through the horrors of the Abyss.
103201 | Pan      | Noticed Fialodir the pandemonium lord
103222 | Pan      | Killed Fialodir the pandemonium lord
103533 | Pan      | Noticed Vapoajomo the pandemonium lord
103651 | Pan      | Paralysed by accursed screaming for 1 turns
103723 | Pan      | Found an exit through the horrors of the Abyss.
104060 | Pan      | Killed Vapoajomo the pandemonium lord
104182 | Pan      | Identified the Incunabulum of Hurtful Flames
104719 | Pan      | Noticed Wirufakubi the pandemonium lord
104725 | Pan      | Killed Wirufakubi the pandemonium lord
105071 | Pan      | Found an exit through the horrors of the Abyss.
105291 | Pan      | Lost mutation: One of your tentacles bears a spike. [potion of mutation]
105641 | Pan      | Found an exit through the horrors of the Abyss.
105723 | Pan      | Noticed Xirouna the pandemonium lord
105728 | Pan      | Killed Xirouna the pandemonium lord
105928 | Pan      | Noticed Nelocosha the pandemonium lord
105941 | Pan      | Killed Nelocosha the pandemonium lord
106115 | Pan      | Found an exit through the horrors of the Abyss.
106187 | Pan      | Got a fine large shield
106200 | Pan      | Identified the +0 large shield of Ukoilaste {rF+ Int+3} (You acquired it in Pandemonium)
106431 | Pan      | Found an exit through the horrors of the Abyss.
106478 | Pan      | Noticed Hoekon the pandemonium lord
106490 | Pan      | Killed Hoekon the pandemonium lord
106582 | Pan      | Cast into level 5 of the Abyss (a Zot trap)
106582 | Abyss:5  | Entered Level 5 of the Abyss
106582 | Abyss:5  | Found a corrupted altar of Lugonu.
106614 | Abyss:5  | Found an iron altar of Okawaru.
107006 | Abyss:5  | Lost mutation: You are robust (+10% HP). [a neqoxec]
107010 | Abyss:5  | Got a clouded bronze ring
107013 | Abyss:5  | Identified the ring "Ucufoi" {rN+ MR+ Slay+4 Stlth-} (You found it on level 5 of the Abyss)
107025 | Abyss:5  | Gained mutation: You are clumsy. (Dex -2) [a neqoxec]
107043 | Abyss:5  | Found a corrupted altar of Lugonu.
107144 | Abyss:5  | im a little bit overpowered, killed every pand lord, now preparing for hell, only prob is low resists
107144 | Abyss:5  | 2 fire res 2 cold res, but with 0 enchanted artifact large shield
107303 | Abyss:5  | Paralysed by accursed screaming for 2 turns
107404 | Abyss:5  | Paralysed by accursed screaming for 1 turns
107655 | Abyss:5  | Paralysed by you for 6 turns
107879 | Abyss:5  | Noticed an ancient lich
107885 | Abyss:5  | Killed an ancient lich
108016 | Abyss:5  | Lost mutation: You are dopey. (Int -2) [mutagenic meat]
108060 | Abyss:5  | Got an abyssal rune of Zot
108098 | Abyss:5  | Paralysed by accursed screaming for 1 turns
108232 | Abyss:5  | Noticed an ancient lich
108256 | Abyss:5  | Killed an ancient lich
108260 | Abyss:5  | Paralysed by accursed screaming for 1 turns
108413 | Abyss:5  | Gained mutation: You regenerate slowly when monsters are visible. [mutagenic glow]
108504 | Pan      | Escaped the Abyss
109521 | Pan      | Found a white marble altar of Elyvilon.
109783 | Pan      | Got a polished large shield
109816 | Pan      | Identified the +0 large shield "Mucevule" {MR+ Int+4} (You took it off a daeva in Pandemonium)
110013 | Pan      | Reached skill level 27 in Evocations
110488 | Pan      | Found a glowing silver altar of Zin.
110500 | Pan      | Lost mutation: You tend to lose your temper in combat. [potion of cure mutation]
110500 | Pan      | Lost mutation: You are clumsy. (Dex -2) [potion of cure mutation]
110500 | Pan      | Lost mutation: You are very weak. (Str -4) [potion of cure mutation]
110500 | Pan      | Lost mutation: You are weak. (Str -2) [potion of cure mutation]
110500 | Pan      | Lost mutation: Scrolls take you longer to read. [potion of cure mutation]
110500 | Pan      | Lost mutation: You have a pair of antennae on your head. [potion of cure mutation]
110548 | Pan      | Lost mutation: You are somewhat resistant to further mutation. [potion of cure mutation]
110548 | Pan      | Lost mutation: Your body sometimes deteriorates upon taking damage. [potion of cure mutation]
110548 | Pan      | Lost mutation: You regenerate slowly when monsters are visible. [potion of cure mutation]
110548 | Pan      | Lost mutation: You expend magic power (3 MP) to strengthen your wands. [potion of cure mutation]
110548 | Pan      | Lost mutation: Scrolls take you a little longer to read. [potion of cure mutation]
110685 | Pan      | Noticed a seraph
110704 | Pan      | Killed a seraph
110793 | Pan      | Found a glowing golden altar of the Shining One.
111717 | Depths:2 | Escaped Pandemonium
111729 | Pan      | Entered Pandemonium
111749 | Pan      | Gained mutation: You are occasionally teleported next to monsters. [a neqoxec]
111760 | Pan      | Noticed Icyuf the pandemonium lord
111900 | Pan      | Identified a +3 rod of shadows (12/12) (You found it in Pandemonium)
111914 | Pan      | Killed Icyuf the pandemonium lord
112080 | Pan      | Found an exit through the horrors of the Abyss.
112262 | Pan      | Cast into level 4 of the Abyss (reaper)
112399 | Abyss:4  | Noticed an ancient lich
112409 | Abyss:4  | Killed an ancient lich
112409 | Abyss:4  | Reached skill level 27 in Invocations
112476 | Abyss:4  | Reached skill level 15 in Fighting
112764 | Pan      | Escaped the Abyss
112774 | Pan      | Noticed Ynusit the pandemonium lord
112778 | Pan      | Killed Ynusit the pandemonium lord
113017 | Pan      | Gained mutation: Scrolls take you a little longer to read. [a cacodemon]
113120 | Pan      | Found an exit through the horrors of the Abyss.
113533 | Pan      | Got a pitted copper ring
113600 | Pan      | Noticed Rikuv the pandemonium lord
113606 | Pan      | Killed Rikuv the pandemonium lord
113893 | Pan      | Found an exit through the horrors of the Abyss.
114089 | Pan      | Identified the ring "Onwiun" {rPois rC+ Str+3 SInv} (You found it in Pandemonium)
114420 | Pan      | Noticed Kojixyec the pandemonium lord
114422 | Pan      | Killed Kojixyec the pandemonium lord
114490 | Pan      | Lost mutation: You are resistant to hostile enchantments. [potion of cure mutation]
114490 | Pan      | Lost mutation: You have a pair of small antennae on your head. [potion of cure mutation]
114490 | Pan      | Lost mutation: You are occasionally teleported next to monsters. [potion of cure mutation]
114490 | Pan      | Lost mutation: Scrolls take you a little longer to read. [potion of cure mutation]
114504 | Pan      | Found an exit through the horrors of the Abyss.
114986 | Pan      | Found an exit through the horrors of the Abyss.
115130 | Pan      | Noticed Zemir the pandemonium lord
115138 | Pan      | Killed Zemir the pandemonium lord
115756 | Pan      | Noticed Dus Suk the pandemonium lord
115797 | Pan      | Found an exit through the horrors of the Abyss.
115818 | Pan      | Killed Dus Suk the pandemonium lord
115913 | Pan      | Gained mutation: You have an increased reservoir of magic (+10% MP). [potion of mutation]
115913 | Pan      | Gained mutation: You are surrounded by a mild repulsion field (EV +2). [potion of mutation]
116424 | Pan      | Found an exit through the horrors of the Abyss.
116553 | Pan      | Noticed Cainil the pandemonium lord
116566 | Pan      | Killed Cainil the pandemonium lord
117011 | Pan      | Noticed Lioddirr the pandemonium lord
117016 | Pan      | Killed Lioddirr the pandemonium lord
117095 | Pan      | Reached skill level 15 in Summonings
117277 | Pan      | Found an exit through the horrors of the Abyss.
117946 | Pan      | Found an exit through the horrors of the Abyss.
117951 | Pan      | Noticed Qohidghi the pandemonium lord
117954 | Pan      | Killed Qohidghi the pandemonium lord
118464 | Pan      | Noticed Ohou the pandemonium lord
118522 | Pan      | Killed Ohou the pandemonium lord
118607 | Pan      | Found an exit through the horrors of the Abyss.
119259 | Pan      | Found an exit through the horrors of the Abyss.
119316 | Pan      | Found a runed door.
119338 | Pan      | Noticed Naen the pandemonium lord
119361 | Pan      | Killed Naen the pandemonium lord
119379 | Pan      | Gained mutation: You are frail (-10% HP). [a cacodemon]
119400 | Pan      | Gained mutation: You are very clumsy. (Dex -4) [mutagenic glow]
119481 | Pan      | Noticed Moisiur the pandemonium lord
119585 | Pan      | Found an exit through the horrors of the Abyss.
119683 | Pan      | Killed Moisiur the pandemonium lord
120541 | Pan      | Gained mutation: Your flesh is heat resistant. [potion of beneficial mutation]
120739 | Pan      | Found an exit through the horrors of the Abyss.
121076 | Pan      | Upgraded the game from 0.18-a0-1293-g5a2c81a to 0.18-a0-1300-g6e8322c
121124 | Pan      | Found an exit through the horrors of the Abyss.
121403 | Pan      | Gained mutation: You are dopey. (Int -2) [a neqoxec]
121502 | Pan      | Noticed Ruluf the pandemonium lord
121524 | Pan      | Killed Ruluf the pandemonium lord
121566 | Pan      | Got a warped broad axe
121567 | Pan      | Identified the +8 broad axe of the Depths {freeze, +Rage rElec Int+2} (You found it in Pandemonium)
121873 | Pan      | Found an exit through the horrors of the Abyss.
122201 | Pan      | Found a runed door.
122207 | Pan      | Found a runed door.
122217 | Pan      | Found a runed door.
122227 | Pan      | Found a runed door.
122403 | Pan      | Noticed Toebrucw the pandemonium lord
122412 | Pan      | Killed Toebrucw the pandemonium lord
122512 | Depths:2 | Escaped Pandemonium
122703 | Pan      | Entered Pandemonium
122744 | Pan      | Noticed Lumenki the pandemonium lord
122751 | Pan      | Killed Lumenki the pandemonium lord
122954 | Depths:2 | Escaped Pandemonium
122965 | Pan      | Entered Pandemonium
123028 | Pan      | Noticed Cutesaw the pandemonium lord
123039 | Pan      | Killed Cutesaw the pandemonium lord
123401 | Pan      | Found an exit through the horrors of the Abyss.
123590 | Pan      | Found a runed door.
123677 | Pan      | Noticed Xug Faca the pandemonium lord
123685 | Pan      | Killed Xug Faca the pandemonium lord
123832 | Pan      | Found an exit through the horrors of the Abyss.
123917 | Pan      | Found an exit through the horrors of the Abyss.
123936 | Pan      | Got a polished falchion
123937 | Pan      | Identified the +5 falchion of Conscience {slice, rPois} (You found it in Pandemonium)
124073 | Pan      | Noticed Nilumigy the pandemonium lord
124097 | Pan      | Killed Nilumigy the pandemonium lord
124114 | Pan      | Got a crystal halberd
124115 | Pan      | Identified the cursed +0 halberd "Conservator" {chop, rF+ MP+9} (You found it in Pandemonium)
124281 | Pan      | Gained mutation: You are weak. (Str -2) [a neqoxec]
124403 | Pan      | Noticed Noetaug the pandemonium lord
124408 | Pan      | Killed Noetaug the pandemonium lord
124425 | Pan      | Lost mutation: You have an increased reservoir of magic (+10% MP). [a cacodemon]
124631 | Pan      | Found an exit through the horrors of the Abyss.
125139 | Pan      | Gained mutation: You tend to lose your temper in combat. [a neqoxec]
125264 | Pan      | Gained mutation: You are very clumsy. (Dex -4) [a neqoxec]
125265 | Pan      | Lost mutation: You are dopey. (Int -2) [a neqoxec]
125275 | Pan      | Noticed Qics the pandemonium lord
125286 | Pan      | Killed Qics the pandemonium lord
125388 | Pan      | Found an exit through the horrors of the Abyss.
125512 | Pan      | Found an exit through the horrors of the Abyss.
125710 | Pan      | Noticed Sezak the pandemonium lord
125720 | Pan      | Killed Sezak the pandemonium lord
125823 | Pan      | Gained mutation: You regenerate slowly when monsters are visible. [a cacodemon]
126250 | Pan      | Noticed Zounesch the pandemonium lord
126263 | Pan      | Killed Zounesch the pandemonium lord
126715 | Pan      | Found an exit through the horrors of the Abyss.
126763 | Pan      | Gained mutation: Your magical capacity is low (-10% MP). [a neqoxec]
126838 | Pan      | Noticed Hieli the pandemonium lord
126863 | Pan      | Killed Hieli the pandemonium lord
127463 | Pan      | Noticed Cousky the pandemonium lord
127471 | Pan      | Killed Cousky the pandemonium lord
127593 | Pan      | Found an exit through the horrors of the Abyss.
127919 | Pan      | Noticed Ygrivod the pandemonium lord
128038 | Pan      | Found an exit through the horrors of the Abyss.
128409 | Pan      | Killed Ygrivod the pandemonium lord
128457 | Pan      | Noticed Mach the pandemonium lord
128466 | Pan      | Killed Mach the pandemonium lord
128655 | Pan      | Got an ancient flail
128656 | Pan      | Identified the +6 flail of Ganaet {crush, +Inv} (You found it in Pandemonium)
128866 | Pan      | Found an exit through the horrors of the Abyss.
129265 | Pan      | Noticed Fikaosm the pandemonium lord
129269 | Pan      | Killed Fikaosm the pandemonium lord
129336 | Pan      | Noticed Bioto the pandemonium lord
129345 | Pan      | Killed Bioto the pandemonium lord
129774 | Pan      | Found an exit through the horrors of the Abyss.
130230 | Pan      | Found an exit through the horrors of the Abyss.
130281 | Pan      | Noticed Wiugox the pandemonium lord
130288 | Pan      | Killed Wiugox the pandemonium lord
130876 | Pan      | Found an exit through the horrors of the Abyss.
131341 | Pan      | Noticed Vofiocle the pandemonium lord
131347 | Pan      | Killed Vofiocle the pandemonium lord
131788 | Pan      | Noticed Bodonaes the pandemonium lord
131814 | Pan      | Killed Bodonaes the pandemonium lord
132166 | Pan      | Found an exit through the horrors of the Abyss.
132234 | Pan      | Noticed Icirau the pandemonium lord
132244 | Pan      | Killed Icirau the pandemonium lord
132667 | Pan      | Noticed Ledwyp the pandemonium lord
132680 | Pan      | Killed Ledwyp the pandemonium lord
133007 | Pan      | Found an exit through the horrors of the Abyss.
133379 | Pan      | Paralysed by accursed screaming for 2 turns
133508 | Pan      | Found an exit through the horrors of the Abyss.
133642 | Pan      | Gained mutation: Your spells are a little easier to cast, but a little less powerful. [a neqoxec]
133660 | Pan      | Noticed Xyroasax the pandemonium lord
133674 | Pan      | Killed Xyroasax the pandemonium lord
133992 | Pan      | Found an exit through the horrors of the Abyss.
134043 | Pan      | Noticed Hiocs the pandemonium lord
134057 | Pan      | Killed Hiocs the pandemonium lord
134163 | Depths:2 | Escaped Pandemonium
134208 | Depths:2 | Learned a level 9 spell: Dragon's Call
134225 | Depths:2 | im ready to win the game, now just not to spoil anything
134366 | Hell     | Found a gateway to the decaying netherworld of Tartarus.
134418 | Tar:1    | Entered Level 1 of Tartarus
134853 | Tar:7    | Entered Level 7 of Tartarus
135238 | Tar:7    | Noticed Ereshkigal
135256 | Tar:7    | Killed Ereshkigal
135291 | Tar:7    | Got a bone rune of Zot
135800 | Tar:7    | Identified the Incunabulum of the Snowflakes
135807 | Tar:7    | Identified a +4 rod of shadows (10/10) (You found it on level 7 of Tartarus)
135964 | Tar:7    | Noticed an ancient lich
135969 | Tar:7    | Killed an ancient lich
136071 | Tar:7    | Got a pitted buckler
136072 | Tar:7    | Identified the +0 buckler of the Soldier {rF++ rC- rCorr Dex+4} (You found it on level 7 of Tartarus)
136278 | Hell     | Found a gateway to the Iron City of Dis.
136294 | Dis:1    | Entered Level 1 of the Iron City of Dis
136863 | Dis:3    | Reached skill level 10 in Air Magic
136983 | Dis:5    | Noticed an iron giant
136990 | Dis:5    | Killed an iron giant
137072 | Dis:5    | Reached skill level 1 in Necromancy
137158 | Dis:5    | You fall through a shaft!
137176 | Dis:7    | Entered Level 7 of the Iron City of Dis
137283 | Dis:7    | Noticed an iron giant
137292 | Dis:7    | Killed an iron giant
137475 | Dis:7    | Reached skill level 5 in Necromancy
137713 | Dis:7    | Noticed an iron giant
137718 | Dis:7    | Killed an iron giant
137976 | Dis:7    | Noticed an iron giant
137983 | Dis:7    | Killed an iron giant
138143 | Dis:7    | Identified Qicvuto's Intricacies of the Arcane Arts
138184 | Dis:7    | Reached skill level 15 in Air Magic
138318 | Dis:7    | Noticed an iron giant
138325 | Dis:7    | Killed an iron giant
138382 | Dis:7    | Noticed Dispater
138436 | Dis:7    | Killed Dispater
138511 | Dis:7    | Got an iron rune of Zot
138628 | Dis:7    | Noticed an iron giant
138634 | Dis:7    | Killed an iron giant
138986 | Hell     | Found a gateway to the freezing wastes of Cocytus.
138997 | Coc:1    | Entered Level 1 of Cocytus
140017 | Coc:7    | Entered Level 7 of Cocytus
140594 | Coc:7    | Noticed Antaeus
140625 | Coc:7    | Killed Antaeus
140890 | Coc:7    | Got an icy rune of Zot
140926 | Coc:7    | Got a fine trident
140927 | Coc:7    | Identified the +9 trident "Adwuq" {elec, *Corrode rElec MP+9 Dex+6} (You found it on level 7 of Cocytus)
140942 | Coc:7    | Identified the Guide on the Mountains
141211 | Hell     | Found a gateway to the ashen valley of Gehenna.
141391 | Geh:1    | Entered Level 1 of Gehenna
141545 | Geh:1    | You fall through a shaft!
141919 | Geh:7    | Entered Level 7 of Gehenna
142181 | Geh:7    | Gained mutation: You are very frail (-20% HP). [mutagenic glow]
142554 | Geh:7    | Noticed the Serpent of Hell
142947 | Geh:7    | Killed the Serpent of Hell
143245 | Geh:7    | Noticed Asmodeus
143315 | Geh:7    | Killed Asmodeus
143397 | Geh:7    | Identified the Almanac of Envenoming (You found it on level 7 of Gehenna)
143403 | Geh:7    | Identified Sif Muna's Incunabulum of Ice
143412 | Geh:7    | Got a slimy steel ring
143413 | Geh:7    | Identified the ring of the Pure Souls {+Fly rC+} (You found it on level 7 of Gehenna)
143429 | Geh:7    | Got an obsidian rune of Zot
143945 | Depths:2 | Lost mutation: You tend to lose your temper in combat. [potion of cure mutation]
143945 | Depths:2 | Lost mutation: Your spells are a little easier to cast, but a little less powerful. [potion of cure mutation]
143945 | Depths:2 | Lost mutation: You regenerate slowly when monsters are visible. [potion of cure mutation]
143945 | Depths:2 | Lost mutation: You are weak. (Str -2) [potion of cure mutation]
143945 | Depths:2 | Lost mutation: You are very frail (-20% HP). [potion of cure mutation]
143945 | Depths:2 | Lost mutation: Your flesh is heat resistant. [potion of cure mutation]
144339 | Vaults:5 | Bought 3 scrolls of amnesia for 210 gold pieces
144743 | Depths:2 | Learned a level 9 spell: Tornado
145570 | Depths:2 | Learned a level 5 spell: Silence
146118 | Temple   | Entered the Ecumenical Temple
146617 | Tomb:1   | Entered Level 1 of the Tomb of the Ancients
146841 | Tomb:1   | Noticed a greater mummy
146847 | Tomb:1   | Noticed a greater mummy
146859 | Tomb:1   | Noticed a greater mummy
146859 | Tomb:1   | Killed a greater mummy
146861 | Tomb:1   | Killed a greater mummy
146880 | Tomb:1   | Killed a greater mummy
146964 | Tomb:2   | Noticed a greater mummy
146964 | Tomb:2   | Noticed a greater mummy
146970 | Tomb:2   | Noticed a greater mummy
146970 | Tomb:2   | Killed a greater mummy
146972 | Tomb:2   | Noticed a greater mummy
146976 | Tomb:2   | Killed a greater mummy
146977 | Tomb:2   | Noticed Boris
146980 | Tomb:2   | Killed a greater mummy
146982 | Tomb:2   | Killed a greater mummy
147112 | Tomb:2   | Killed Boris
147433 | Tomb:1   | Noticed a greater mummy
147434 | Tomb:1   | Noticed a greater mummy
147434 | Tomb:1   | Noticed a greater mummy
147434 | Tomb:1   | Noticed a greater mummy
147441 | Tomb:1   | Noticed a greater mummy
147441 | Tomb:1   | Killed a greater mummy
147447 | Tomb:1   | Killed a greater mummy
147462 | Tomb:2   | Killed a greater mummy
147466 | Tomb:2   | Killed a greater mummy
147581 | Tomb:1   | Killed a greater mummy
147587 | Tomb:1   | Noticed a greater mummy
147589 | Tomb:1   | Noticed a greater mummy
147593 | Tomb:1   | Killed a greater mummy
147597 | Tomb:1   | Killed a greater mummy
147602 | Tomb:1   | Noticed a greater mummy
147606 | Tomb:1   | Killed a greater mummy
147697 | Tomb:1   | Noticed a greater mummy
147705 | Tomb:1   | Killed a greater mummy
147707 | Tomb:1   | Noticed a greater mummy
147715 | Tomb:1   | Killed a greater mummy
147717 | Tomb:1   | Noticed a greater mummy
147724 | Tomb:1   | Killed a greater mummy
147748 | Tomb:1   | Noticed a greater mummy
147758 | Tomb:1   | Noticed a greater mummy
147758 | Tomb:1   | Killed a greater mummy
147760 | Tomb:1   | Noticed a greater mummy
147765 | Tomb:1   | Noticed a greater mummy
147767 | Tomb:1   | Killed a greater mummy
147772 | Tomb:1   | Killed a greater mummy
147780 | Tomb:1   | Noticed a greater mummy
147780 | Tomb:1   | Killed a greater mummy
147786 | Tomb:1   | Noticed a greater mummy
147790 | Tomb:1   | Noticed a greater mummy
147791 | Tomb:1   | Killed a greater mummy
147797 | Tomb:1   | Killed a greater mummy
147800 | Tomb:1   | Killed a greater mummy
147808 | Tomb:1   | Noticed a greater mummy
147813 | Tomb:1   | Killed a greater mummy
148047 | Tomb:3   | Entered Level 3 of the Tomb of the Ancients
148090 | Tomb:3   | Reached skill level 27 in Spellcasting
148119 | Tomb:3   | Noticed a greater mummy
148326 | Tomb:3   | Killed a greater mummy
148332 | Tomb:3   | Noticed a greater mummy
148341 | Tomb:3   | Noticed a greater mummy
148341 | Tomb:3   | Noticed a greater mummy
148341 | Tomb:3   | Noticed a greater mummy
148346 | Tomb:3   | Killed a greater mummy
148351 | Tomb:3   | Killed a greater mummy
148360 | Tomb:3   | Killed a greater mummy
148402 | Tomb:3   | Reached skill level 27 in Dodging
148410 | Tomb:3   | Noticed a greater mummy
148431 | Tomb:3   | Killed a greater mummy
148691 | Tomb:3   | Killed a greater mummy
148702 | Tomb:3   | Noticed a greater mummy
148713 | Tomb:3   | Killed a greater mummy
148795 | Tomb:3   | Noticed a greater mummy
148805 | Tomb:3   | Killed a greater mummy
148999 | Tomb:3   | Identified The Intricacies of Spellcasting (You found it on level 3 of the Tomb of the Ancients)
149039 | Tomb:3   | Noticed a greater mummy
149063 | Tomb:3   | Killed a greater mummy
149157 | Tomb:3   | Identified a +3 rod of clouds (10/10) (You found it on level 3 of the Tomb of the Ancients)
149199 | Tomb:3   | Got a clouded ivory amulet
149200 | Tomb:3   | Identified the amulet of Kakhait {Regen+ Dex+4 Slay+3} (You found it on level 3 of the Tomb of the Ancients)
149226 | Tomb:3   | Identified the Reference Book on Quantum Shape Shifting (You found it on level 3 of the Tomb of the Ancients)
149229 | Tomb:3   | Identified Vokamyed's Papyrus of Arcane Weapons and Evil Magic
149244 | Tomb:3   | Got a shimmering longbow
149245 | Tomb:3   | Identified the +6 longbow of Fate {freeze, rPois rC- Str+7 Stlth+} (You found it on level 3 of the Tomb of the Ancients)
149309 | Tomb:3   | Got a golden rune of Zot
150336 | Depths:2 | Gained mutation: You tend to lose your temper in combat. [mutagenic meat]
150337 | Depths:2 | Gained mutation: You are partially covered in rough black scales (AC +4, Dex -1). [mutagenic meat]
150340 | Depths:2 | Gained mutation: You are partially covered in iridescent scales (AC +4). [mutagenic meat]
150341 | Depths:2 | Gained mutation: Potions and wands are less effective at restoring your health. [mutagenic meat]
150400 | Zot:1    | Entered Level 1 of the Realm of Zot
151051 | Zot:3    | Reached skill level 15 in Slings
151101 | Zot:3    | Identified Kikubaaqudgha's Collected Works on Evil Magic (You found it on level 3 of the Realm of Zot)
151171 | Zot:3    | Lost mutation: You are very clumsy. (Dex -4) [potion of beneficial mutation]
151372 | Zot:5    | Entered Level 5 of the Realm of Zot
151864 | Zig:1    | Entered Level 1 of a ziggurat
151884 | Zig:1    | Gained mutation: One of your tentacles bears a spike. [mutagenic meat]
151891 | Zig:2    | Entered Level 2 of a ziggurat
151911 | Zig:2    | Lost mutation: You are clumsy. (Dex -2) [potion of mutation]
151920 | Zig:3    | Entered Level 3 of a ziggurat
151947 | Zig:4    | Entered Level 4 of a ziggurat
151969 | Zig:4    | Gained mutation: Your body sometimes deteriorates upon taking damage. [mutagenic meat]
151970 | Zig:4    | Gained mutation: You are resistant to electric shocks. [mutagenic meat]
151971 | Zig:4    | Gained mutation: You occasionally shout uncontrollably at your foes. [mutagenic meat]
151973 | Zig:4    | Gained mutation: You are agile. (Dex +2) [mutagenic meat]
152004 | Zig:5    | Entered Level 5 of a ziggurat
152033 | Zig:5    | Identified Yrarel's Incunabulum of Enchantment
152072 | Zig:6    | Entered Level 6 of a ziggurat
152124 | Zig:7    | Entered Level 7 of a ziggurat
152151 | Zig:7    | Lost mutation: Your body sometimes deteriorates upon taking damage. [mutagenic meat]
152202 | Zig:8    | Entered Level 8 of a ziggurat
152219 | Zig:8    | Noticed Gatwoos the pandemonium lord
152219 | Zig:8    | Noticed Miumail the pandemonium lord
152223 | Zig:8    | Noticed Abya the pandemonium lord
152228 | Zig:8    | Killed Miumail the pandemonium lord
152230 | Zig:8    | Killed Abya the pandemonium lord
152233 | Zig:8    | Killed Gatwoos the pandemonium lord
152262 | Zig:8    | Gained mutation: Your body sometimes deteriorates upon taking damage. [mutagenic meat]
152263 | Zig:8    | Lost mutation: You occasionally shout uncontrollably at your foes. [mutagenic meat]
152281 | Zig:8    | Got a scorched ivory ring
152282 | Zig:8    | Identified the ring "Kyuxkil" {rPois Stlth+} (You found it on level 8 of a ziggurat)
152293 | Zig:8    | Identified Asmodeus's Catalogue of Companions
152300 | Zig:8    | Learned a level 5 spell: Summon Forest
152366 | Zig:9    | Entered Level 9 of a ziggurat
152421 | Zig:9    | Got a translucent platinum ring
152422 | Zig:9    | Identified the ring of Patience {*Tele Int+4} (You found it on level 9 of a ziggurat)
152465 | Zig:10   | Entered Level 10 of a ziggurat
152472 | Zig:10   | Noticed an ancient lich
152482 | Zig:10   | Killed an ancient lich
152549 | Zig:11   | Entered Level 11 of a ziggurat
152632 | Zig:12   | Entered Level 12 of a ziggurat
152670 | Zig:12   | Noticed an ancient lich
152685 | Zig:12   | Killed an ancient lich
152746 | Zig:12   | Identified a +7 rod of ignition (12/12) (You found it on level 12 of a ziggurat)
152753 | Zig:13   | Entered Level 13 of a ziggurat
152765 | Zig:13   | Noticed Xuyss the pandemonium lord
152768 | Zig:13   | Noticed Nophec the pandemonium lord
152771 | Zig:13   | Noticed Tiruats the pandemonium lord
152773 | Zig:13   | Killed Xuyss the pandemonium lord
152776 | Zig:13   | Noticed Lonyfug the pandemonium lord
152776 | Zig:13   | Killed Nophec the pandemonium lord
152785 | Zig:14   | Entered Level 14 of a ziggurat
153045 | Zig:15   | Entered Level 15 of a ziggurat
153132 | Zig:15   | Identified the Almanac of Snow
153137 | Zig:15   | Identified a +5 rod of inaccuracy (10/10) (You found it on level 15 of a ziggurat)
153160 | Zig:15   | Drew Focus: Int increased to 26, Str decreased to 11
153164 | Zig:15   | Gained mutation: One of your tentacles bears a nasty spike. [helix card]
153168 | Zig:15   | Gained mutation: You possess an exceptional clarity of mind. [helix card]
153187 | Zig:15   | Gained mutation: You are very agile. (Dex +4) [helix card]
153191 | Zig:15   | Lost mutation: You possess an exceptional clarity of mind. [helix card]
153191 | Zig:15   | Lost mutation: You are frail (-10% HP). [helix card]
153198 | Zig:15   | Identified Segheycs's Handbook of Attacks
153230 | Zig:16   | Entered Level 16 of a ziggurat
153325 | Zig:16   | Identified a -1 rod of ignition (13/13) (You found it on level 16 of a ziggurat)
153361 | Zig:17   | Entered Level 17 of a ziggurat
153369 | Zig:17   | Noticed Kuvvuh the pandemonium lord
153370 | Zig:17   | Noticed Yceuluro the pandemonium lord
153371 | Zig:17   | Noticed Juol the pandemonium lord
153372 | Zig:17   | Noticed Xaghepuf the pandemonium lord
153374 | Zig:17   | Noticed Cirphaymi the pandemonium lord
153380 | Zig:17   | Killed Yceuluro the pandemonium lord
153382 | Zig:17   | Noticed Suacliq the pandemonium lord
153385 | Zig:17   | Killed Juol the pandemonium lord
153389 | Zig:17   | Killed Cirphaymi the pandemonium lord
153401 | Zig:17   | Killed Xaghepuf the pandemonium lord
153402 | Zig:17   | Killed Suacliq the pandemonium lord
153403 | Zig:17   | Killed Kuvvuh the pandemonium lord
153409 | Zig:17   | Gained mutation: Your mind is acute. (Int +2) [mutagenic meat]
153426 | Zig:17   | Gained mutation: You are weak. (Str -2) [mutagenic meat]
153428 | Zig:17   | Lost mutation: You are surrounded by a mild repulsion field (EV +2). [mutagenic meat]
153430 | Zig:17   | Lost mutation: One of your tentacles bears a nasty spike. [mutagenic meat]
153431 | Zig:17   | Lost mutation: Your magical capacity is low (-10% MP). [mutagenic meat]
153484 | Zig:17   | Got a slimy glass ring
153485 | Zig:17   | Identified the ring "Anwoe" {Dex+4 Stlth+} (You found it on level 17 of a ziggurat)
153502 | Zig:17   | Identified the Papyrus of Feathery Attacks
153513 | Zig:17   | Identified Bucker's Papyrus of the Oath and Darkness
153546 | Zig:18   | Entered Level 18 of a ziggurat
153666 | Zig:19   | Entered Level 19 of a ziggurat
153675 | Zig:19   | Noticed Oracle's ghost (legendary DsFi)
153681 | Zig:19   | Killed Oracle's ghost
153770 | Zig:20   | Entered Level 20 of a ziggurat
153801 | Zig:20   | Reached skill level 1 in Staves
153826 | Zig:20   | Reached skill level 5 in Staves
153933 | Zig:20   | Got a crude lapis lazuli ring
153934 | Zig:20   | Identified the ring "Unyuhyuf" {rCorr rN+} (You found it on level 20 of a ziggurat)
153955 | Zig:20   | Identified the Collected Works on Transformation
153985 | Zig:21   | Entered Level 21 of a ziggurat
154029 | Zig:21   | Paralysed by accursed screaming for 2 turns
154057 | Zig:21   | Gained mutation: Your magical capacity is low (-10% MP). [mutagenic glow]
154104 | Zig:21   | Got a shimmering lead amulet
154107 | Zig:21   | Identified the amulet "Opieg" {Faith *Confuse rC+ Stlth+} (You found it on level 21 of a ziggurat)
154129 | Zig:21   | Got a sparkling bone ring
154132 | Zig:21   | Identified the ring "Leseg" {+Inv rElec Str+3 Int+2} (You found it on level 21 of a ziggurat)
154262 | Zig:22   | Entered Level 22 of a ziggurat
154320 | Zig:22   | Gained mutation: Your body often deteriorates upon taking damage. [mutagenic glow]
154441 | Zig:22   | Got a scorched wooden ring
154442 | Zig:22   | Identified the ring "Baetan Vupo" {+Fly rN+ MP+9 Int+4 Slay+2} (You found it on level 22 of a ziggurat)
154495 | Zig:22   | Got a faintly glowing large shield
154496 | Zig:22   | Identified the +8 large shield of Magic {MR- Dex+7 Slay+5 SInv} (You acquired it on level 22 of a ziggurat)
154498 | Zig:22   | Got a steaming shield
154499 | Zig:22   | Identified the +0 shield "Nag Xoep" {*Confuse rElec rN+ Dex+2} (You acquired it on level 22 of a ziggurat)
154517 | Zig:22   | Identified the Reference Book on Transmigration
154536 | Zig:23   | Entered Level 23 of a ziggurat
154567 | Zig:23   | Noticed an ancient lich
154568 | Zig:23   | Noticed an ancient lich
154569 | Zig:23   | Noticed an ancient lich
154573 | Zig:23   | Noticed an ancient lich
154578 | Zig:23   | Killed an ancient lich
154580 | Zig:23   | Killed an ancient lich
154605 | Zig:23   | Killed an ancient lich
154619 | Zig:23   | Killed an ancient lich
154662 | Zig:23   | Got a translucent garnet amulet
154663 | Zig:23   | Identified the amulet "Arghid" {RegenMP rElec rC- Str+2} (You found it on level 23 of a ziggurat)
154668 | Zig:23   | Reached skill level 27 in Shields
154674 | Zig:23   | Got a glittering silver ring
154675 | Zig:23   | Identified the ring "Qiax" {rPois rF+ rC+ rN+} (You found it on level 23 of a ziggurat)
154769 | Zig:24   | Entered Level 24 of a ziggurat
154769 | Zig:24   | Noticed WhatIsLove's ghost (legendary DsGl)
154777 | Zig:24   | Killed WhatIsLove's ghost
154798 | Zig:24   | Noticed a greater mummy
154805 | Zig:24   | Killed a greater mummy
154809 | Zig:24   | Noticed a greater mummy
154811 | Zig:24   | Noticed a greater mummy
154817 | Zig:24   | Noticed a greater mummy
154879 | Zig:24   | Gained mutation: You are very weak. (Str -4) [mutagenic glow]
155141 | Zig:24   | Noticed a greater mummy
155143 | Zig:24   | Noticed a greater mummy
155144 | Zig:24   | Lost strength.
155147 | Zig:24   | Lost mutation: You are very agile. (Dex +4) [potion of cure mutation]
155147 | Zig:24   | Lost mutation: Your body often deteriorates upon taking damage. [potion of cure mutation]
155147 | Zig:24   | Lost mutation: You tend to lose your temper in combat. [potion of cure mutation]
155147 | Zig:24   | Lost mutation: Your mind is acute. (Int +2) [potion of cure mutation]
155148 | Zig:24   | Lost mutation: You are very weak. (Str -4) [potion of cure mutation]
155148 | Zig:24   | Lost mutation: Your magical capacity is low (-10% MP). [potion of cure mutation]
155148 | Zig:24   | Lost mutation: You are weak. (Str -2) [potion of cure mutation]
155148 | Zig:24   | Lost mutation: Potions and wands are less effective at restoring your health. [potion of cure mutation]
155148 | Zig:24   | Lost mutation: Your body sometimes deteriorates upon taking damage. [potion of cure mutation]
155148 | Zig:24   | Lost mutation: You are agile. (Dex +2) [potion of cure mutation]
155242 | Zig:24   | Noticed a greater mummy
155261 | Zig:24   | Killed a greater mummy
155272 | Zig:24   | Killed a greater mummy
155393 | Zig:24   | Killed a greater mummy
155400 | Zig:24   | Killed a greater mummy
155427 | Zig:24   | Killed a greater mummy
155519 | Zig:24   | Killed a greater mummy
155567 | Zig:24   | Noticed a greater mummy
155572 | Zig:24   | Killed a greater mummy
155630 | Zig:24   | Got a heavily runed copper ring
155631 | Zig:24   | Identified the ring of Liemie {+Fly Dex+4} (You found it on level 24 of a ziggurat)
155635 | Zig:24   | Got a flickering amber ring
155636 | Zig:24   | Identified the ring "Bastey" {rPois rN++ Int+3 Dex+2 SInv} (You found it on level 24 of a ziggurat)
155704 | Zig:25   | Entered Level 25 of a ziggurat
155724 | Zig:25   | Gained mutation: Your body sometimes deteriorates upon taking damage. [a shining eye]
155728 | Zig:25   | Reached skill level 27 in Fighting
155753 | Zig:25   | Gained mutation: You have supernaturally acute eyesight. [a shining eye]
155757 | Zig:25   | Gained mutation: You are frail (-10% HP). [a shining eye]
155810 | Zig:25   | Identified the Guide on Destructive Flames (You found it on level 25 of a ziggurat)
155818 | Zig:25   | Identified the Compendium of Flamy Arcane Weapons (You found it on level 25 of a ziggurat)
155827 | Zig:25   | Gained mutation: You are agile. (Dex +2) [potion of beneficial mutation]
155857 | Zig:25   | Got a crude pewter ring
155860 | Zig:25   | Identified the ring "Zerghouw" {rF+ rC+ rN+ MR+ Int-3} (You found it on level 25 of a ziggurat)
155890 | Zig:26   | Entered Level 26 of a ziggurat
155963 | Zig:26   | Noticed an ancient lich
155967 | Zig:26   | Killed an ancient lich
156004 | Zig:26   | Lost mutation: You are agile. (Dex +2) [mutagenic glow]
156046 | Zig:26   | Got an ancient jade ring
156047 | Zig:26   | Identified the ring of Duxe {Wiz MP+9 Int+10} (You found it on level 26 of a ziggurat)
156204 | Zig:27   | Entered Level 27 of a ziggurat
156241 | Zig:27   | Reached skill level 27 in Air Magic
156243 | Zig:27   | Reached skill level 1 in Hexes
156274 | Zig:27   | Reached skill level 5 in Hexes
156305 | Zig:27   | Gained mutation: You are very frail (-20% HP). [mutagenic glow]
156347 | Zig:27   | Identified the Guide on Ghastly Fascination (You found it on level 27 of a ziggurat)
156353 | Zig:27   | Got a smoking steel ring
156354 | Zig:27   | Identified the ring "Divit" {*Drain +Fly rElec rPois MR+} (You found it on level 27 of a ziggurat)
156401 | Zig:27   | Identified Sif Muna's Reference Book on Quantum Talismans (You found it on level 27 of a ziggurat)
156708 | Zot:4    | Identified a +1 rod of clouds (12/12) (You found it on level 4 of the Realm of Zot)
157040 | Zot:5    | Reached skill level 10 in Hexes
157068 | Zot:5    | Noticed an ancient lich
157071 | Zot:5    | Killed an ancient lich
157085 | Zot:5    | Noticed an orb of fire
157087 | Zot:5    | Noticed an orb of fire
157098 | Zot:5    | Gained mutation: Your body often deteriorates upon taking damage. [an orb of fire]
157099 | Zot:5    | Gained mutation: Your magical capacity is low (-10% MP). [an orb of fire]
157105 | Zot:5    | Killed an orb of fire
157235 | Zot:5    | Noticed an orb of fire
157248 | Zot:5    | Killed an orb of fire
157293 | Zot:5    | Noticed an orb of fire
157301 | Zot:5    | Killed an orb of fire
157313 | Zot:5    | Killed an orb of fire
157454 | Zot:5    | Noticed an orb of fire
157458 | Zot:5    | Gained mutation: You occasionally shout uncontrollably at your foes. [an orb of fire]
157459 | Zot:5    | Gained mutation: You are extremely frail (-30% HP). [an orb of fire]
157464 | Zot:5    | Reached skill level 15 in Hexes
157470 | Zot:5    | Killed an orb of fire
157477 | Zot:5    | Got the Orb of Zot
157892 | Depths:1 | Noticed Nistytre the pandemonium lord
157898 | Depths:1 | Killed Nistytre the pandemonium lord
157902 | Depths:1 | Noticed Yhosun the pandemonium lord
157911 | Depths:1 | Killed Yhosun the pandemonium lord
158362 | D:2      | Noticed Wutiot the pandemonium lord
158367 | D:2      | Killed Wutiot the pandemonium lord
158501 | D:$      | Escaped with the Orb!

Vault maps used:
D:1:      lightli_arrival_windingriver, minmay_crystal_water,
          minmay_misc_feat_nine_boxes
D:2:      kennysheep_big_flooded_room, nicolae_dithmenos_shadow_blocks,
          fedhas_altar_1, uniq_jessica, uniq_natasha
D:3:      first_bread, bh_walls_and_bars, uniq_terence, uniq_sigmund,
          uniq_grinder
D:4:      nicolae_ashenzari_panopticon, temple_fountains, serial_shops, shop
D:5:      nicolae_overflow_hidden_temple, serial_shops, shop
D:6:      lemuel_crystal_altar, uniq_menkaure, uniq_edmund
D:7:      gammafunk_temple_overflow_elements, basic_altar
D:8:      gammafunk_temple_overflow_pools, serial_shops, shop, uniq_grum,
          uniq_maurice, uniq_psyche
D:9:      lair_0_dummy, serial_shops, shop, uniq_pikel
D:10:     orc_0_dummy, hangedman_fish_farm
D:11:     uniq_nergalle, uniq_fannar
D:12:     serial_shops, shop
D:13:     hangedman_aviary
D:14:     david_vaults_5, nicolae_lava_and_water, serial_column_ruins,
          column_ruins_circle_large, column_ruins_grid_1, column_ruins_grid_3,
          column_ruins_columns_straight, column_ruins_open_medium,
          column_ruins_grid_4, column_ruins_open_medium, uniq_josephine
D:15:     hangedman_depths_entry_try_elsewhere_first,
          nemelex_xobeh_ov_fountains_minmay, basic_altar, uniq_rupert
Temple:   circular_temple_12
Lair:1:   beast_lair_carwin_large_2, lemuel_fruit_fields, lemuel_fruit_tree
Lair:2:   grunt_forest_large_clearings
Lair:3:   lemuel_fruit_fields, grunt_megastairs_1, infiniplex_staircase_pool,
          uniq_gastronok, uniq_sonja
Lair:4:   nicolae_spider_entry_tight_spaces, bh_autumn_forest_stairs
Lair:5:   minmay_another_anthill, grunt_megastairs_3, uniq_maud
Lair:6:   shoals_dummy_entry, grunt_megastairs_4, infiniplex_staircase_pool_2
Lair:7:   slime_altar_1, serial_bayou_pond_c, serial_bayou_shore_a
Lair:8:   wormcave, hangedman_lair_tendril_chambers
Shoals:1: portal_ice_cave_entry_pillars_02, uniq_louise
Shoals:2: serial_shops, nicolae_shop_window_shopping,
          nicolae_shoals_seven_spires
Shoals:3: uniq_mara
Shoals:4: shoals_end_grunt_ice, shoals_ilsuiw_ice, yaktaur_hedge,
          uniq_polyphemus, uniq_ilsuiw
Spider:2: nicolae_spider_nook
Spider:3: uniq_wiglaf
Spider:4: grunt_spider_rune_parallel, uniq_donald
Slime:3:  uniq_dissolution
Slime:5:  nicolae_slime_round_cave
Orc:1:    serial_shops, shop, uniq_urug
Orc:2:    st_orc_mages, serial_shops, shop_fountains, guppyfry_library_mini
Elf:1:    kennysheep_underground_church, minivault_16, minmay_misc_feat_cross,
          uniq_asterion
Elf:2:    basic_stair_grate_trap
Elf:3:    minmay_elf_hall_spiked, serial_shops, shop, basic_altar
Vaults:1: v_misc_5, vaults_room_door_hall, nicolae_vaults_border_crossing,
          v_misc_14, st_star, v_misc_9, v_misc_15, v_pattern_3,
          nicolae_vaults_twisting_passages, uniq_nikola, uniq_saint_roka,
          uniq_jorgrun
Vaults:2: ontoclasm_vaults_twist, vaults_room_boxed, v_misc_32, v_rooms_1,
          grunt_vaults_trifunnel, nicolae_vaults_puzzle_piece,
          minmay_crypt_entry_necro_gods, vaults_mumra_minichess_inversion,
          basic_altar, uniq_frederick
Vaults:3: hangedman_vaults_maws, nicolae_vaults_alarming,
          dpeg_vaults_monster_box, v_misc_29, hangedman_vaults_stagger,
          hangedman_vaults_restitches, nicolae_vaults_little_squares_2,
          vaults_room_grid, vaults_room_grid, vaults_room_door_ring,
          nicolae_vaults_little_squares_1
Vaults:4: v_misc_1, hangedman_vaults_corner, v_misc_15, hangedman_vaults_hat,
          vaults_standard_mumra_lines, vaults_room_semicircle,
          dpeg_vaults_monster_row, v_rooms_6, st_smaller_cells,
          vaults_room_ringed_pool, vaults_dpeg_hooks, ontoclasm_vaults_gateway,
          serial_shops, nicolae_shop_behind_doors
Crypt:1:  grunt_crypt_arrival_split
Crypt:2:  minmay_misc_feat_rows, basic_stair_grate_trap,
          roderic_lattice_octagonal_star
Crypt:3:  church_of_pain_bobbens, nicolae_tomb_entry_rubble_hallway
Tomb:2:   uniq_boris
Depths:1: hell_entry, interstate_on_off, minmay_misc_feat_five, minmay_librarian
Depths:2: minmay_fractal_lines_corner, enter_ziggurat_a, hangedman_decor_lopped,
          rand_demon_pan_entry_3, hell_entry, abyss_entry_flame_altar,
          guppyfry_shop_venom
Depths:3: mludivico_vault, lightli_enter_wizlab_magi_temple,
          hangedman_coc_ice_floe, rand_demon_pan_entry_1,
          minmay_misc_feat_more_columns, infiniplex_staircase_zigzag_4,
          uniq_jory, uniq_norris
Depths:4: grunt_x_marks_the_spot, nicolae_abyss_entry_one_way_or_another,
          serial_shops, shop_fountains, kennysheep_decorative_pillar,
          hell_entry, infiniplex_staircase_zigzag_3
Depths:5: grunt_twist_and_shout, minmay_misc_feat_encased, abyss_entry,
          hell_entry
Dis:4:    door_vault, lemuel_elevator
Dis:7:    dis_grunt_layers
Geh:1:    hangedman_gehenna_grave_pits
Geh:4:    grunt_megastairs_5
Geh:6:    grunt_deathspiral_small
Geh:7:    geh_mu
Coc:3:    lemuel_elevator
Coc:5:    hangedman_elemental_grid_stream
Coc:7:    coc_old
Tar:2:    lemuel_elevator
Tar:7:    tar_old
Zot:1:    lemuel_firehouse
Zot:2:    lemuel_golem_globe, basic_stair_grate_trap
Zot:3:    hangedman_zot_decor_unnerving_road
Zot:4:    nicolae_zot_stationary_front, grunt_megastairs_2,
          basic_stair_grate_trap
Abyss:2:  minivault_25, evilmike_abyss_exit_kraken
Abyss:4:  evilmike_abyss_exit_3
Abyss:5:  evilmike_abyss_exit_3, evilmike_abyss_rune_tentacle_tunnel
Pan:      grunt_pan_frozen_over, grunt_pan_spiral, pan_blood_fountain,
          nicolae_pan_hourglass, nicolae_pan_double_arrow, rand_demon_5,
          uniq_mennas_pan, nicolae_pan_gloorx_vloqian_4,
          nicolae_pan_sigil_uleosi, rand_demon_8, rand_demon_3,
          pan_blood_fountain_2, nicolae_pan_diamonds, nicolae_pan_diamonds,
          nicolae_pan_sick_transit, nicolae_pan_strange_glyphs,
          reaverb_pan_figure_eight, rand_demon_1, pan_blood_fountain,
          cerebov_grunt, pan_blood_fountain_small, gloorx_vloq_st, pan_surprise,
          nicolae_pan_mnolegish_2, mnoleg_st, evilmike_mini_pan_other_thingy,
          evilmike_mini_pan_pillars_b, reaverb_pan_chaos_star,
          grunt_pan_pentagram, nicolae_pan_lom_lobonic_2, lemuel_hellion_island,
          pan_blood_fountain_small, grunt_pan_in_and_out,
          nicolae_pan_mnolegish_3, rand_demon_6, pan_disco_hall, rand_demon_7,
          lom_lobon_spiral_st, evilmike_mini_pan_doors, pan_blood_fountain,
          grunt_pan_sceptre, pan_blood_fountain_small, nicolae_pan_mnolegish_4,
          evilmike_mini_pan_pillars_b, grunt_pan_pentagram,
          pan_blood_fountain_small, reaverb_pan_squares,
          nicolae_pan_door_chamber, evilmike_mini_pan_doors_b,
          pan_blood_fountain, nicolae_pan_cerebovesque_1,
          evilmike_mini_pan_thingy, rand_demon_4, nicolae_pan_mnolegish_2,
          grunt_pan_sceptre, nicolae_pan_sigil_eeng,
          nicolae_pan_gloorx_vloqian_4, rand_demon_6, grunt_pan_zigzag,
          pan_blood_fountain_small, evilmike_holy_pan, evilmike_mini_pan_thingy,
          pan_blood_fountain_small, grunt_pan_in_and_out,
          nicolae_pan_lom_lobonic_1, evilmike_mini_pan_corridor,
          grunt_pan_pentagram, nicolae_pan_mnolegish_2,
          evilmike_mini_pan_possible_glass, nicolae_pan_lom_lobonic_1,
          evilmike_mini_pan_other_thingy, rand_demon_1, grunt_pan_pentagram,
          grunt_pan_pentagram, pan_blood_fountain_small, nicolae_pan_hourglass,
          rand_demon_9, pan_blood_fountain_small, nicolae_pan_mnolegish_5,
          evilmike_mini_pan_pillars_b, pan_blood_fountain,
          evilmike_mini_pan_rooms, rand_demon_5, nicolae_pan_cerebovesque_4,
          rand_demon_7, pan_blood_fountain_small, evilmike_mini_pan_3x3,
          rand_demon_6, nicolae_pan_gloorx_vloqian_1, rand_demon_9,
          nicolae_pan_hourglass, pan_blood_fountain_small,
          evilmike_mini_pan_corner, nicolae_pan_door_chamber,
          evilmike_mini_pan_other_thingy, rand_demon_2, pan_blood_fountain,
          rand_demon_8, pan_blood_fountain_small, evilmike_mini_pan_thingy,
          pan_blood_fountain_small, evilmike_mini_pan_corridor,
          pan_blood_fountain, rand_demon_1, pan_blood_fountain_small,
          evilmike_mini_pan_T, pan_blood_fountain_small, nicolae_pan_hourglass,
          rand_demon_8, pan_blood_fountain_small, rand_demon_2,
          nicolae_pan_lom_lobonic_4, nicolae_pan_hourglass,
          pan_blood_fountain_small, nicolae_pan_lom_lobonic_2,
          nicolae_pan_sigil_obb, rand_demon_1, evilmike_mini_pan_thingy,
          grunt_pan_in_and_out, pan_blood_fountain_small, grunt_pan_in_and_out
Zig:7:    ziggurat_pillar_centre_dead_trees
Zig:8:    ziggurat_pillar_centre_c
Zig:10:   ziggurat_pillar_centre_oklobs
Zig:14:   ziggurat_pillar_centre_smoke
Zig:20:   ziggurat_pillar_centre_drop
Zig:25:   ziggurat_loot_3
IceCv:    ice_cave_caverns_03
WizLab:   wizlab_wucad

Action                   |  1- 3 |  4- 6 |  7- 9 | 10-12 | 13-15 | 16-18 | 19-21 | 22-24 | 25-27 || total
-------------------------+-------+-------+-------+-------+-------+-------+-------+-------+-------++-------
Melee: Short sword       |    64 |    53 |       |       |       |       |       |       |       ||   117
       Dagger            |       |    24 |   119 |     3 |   196 |    21 |    11 |     3 |       ||   377
       Scythe            |       |    16 |     7 |       |       |       |       |       |       ||    23
       Staff             |       |       |       |       |       |       |    18 |       |    26 ||    44
       Unarmed           |       |       |       |       |       |       |       |  1046 | 15120 || 16166
       Rod               |       |       |       |       |       |       |       |       |    13 ||    13
       Eudemon blade     |       |       |       |       |       |       |       |       |     8 ||     8
       Greatsling        |       |       |       |       |       |       |       |       |     6 ||     6
 Fire: Hunting sling     |       |       |    88 |   539 |  1275 |  1973 |  1047 |   557 |   150 ||  5629
       Blowgun           |       |       |       |       |     6 |       |       |    12 |       ||    18
       Greatsling        |       |       |       |       |       |   115 |  1181 |   834 |  1035 ||  3165
Throw: Javelin           |       |       |       |       |       |     1 |       |     1 |    17 ||    19
       Stone             |       |       |       |       |       |       |       |       |     3 ||     3
 Cast: Ignite Poison     |       |       |       |       |     3 |       |       |       |       ||     3
       Regeneration      |       |       |       |       |       |     3 |    52 |    69 |   594 ||   718
       Statue Form       |       |       |       |       |       |     1 |    18 |    62 |   598 ||   679
       Alistair's Intoxi |       |       |       |       |       |     1 |       |     2 |     1 ||     4
       Repel Missiles    |       |       |       |       |       |       |     5 |     4 |     2 ||    11
       Blade Hands       |       |       |       |       |       |       |     1 |       |       ||     1
       Ozocubu's Armour  |       |       |       |       |       |       |     2 |     4 |     2 ||     8
       Phase Shift       |       |       |       |       |       |       |       |    19 |    38 ||    57
       Leda's Liquefacti |       |       |       |       |       |       |       |     3 |     4 ||     7
       Shroud of Golubri |       |       |       |       |       |       |       |     3 |     9 ||    12
       Song of Slaying   |       |       |       |       |       |       |       |     1 |     6 ||     7
       Mephitic Cloud    |       |       |       |       |       |       |       |    13 |     5 ||    18
       Haste             |       |       |       |       |       |       |       |       |   186 ||   186
       Summon Lightning  |       |       |       |       |       |       |       |       |   101 ||   101
       Iron Shot         |       |       |       |       |       |       |       |       |    87 ||    87
       Controlled Blink  |       |       |       |       |       |       |       |       |    51 ||    51
       Malign Gateway    |       |       |       |       |       |       |       |       |    51 ||    51
       Dragon's Call     |       |       |       |       |       |       |       |       |    38 ||    38
       Summon Forest     |       |       |       |       |       |       |       |       |    21 ||    21
       Deflect Missiles  |       |       |       |       |       |       |       |       |     9 ||     9
       Tornado           |       |       |       |       |       |       |       |       |     9 ||     9
       Blink             |       |       |       |       |       |       |       |       |     5 ||     5
       Swiftness         |       |       |       |       |       |       |       |       |     2 ||     2
       Silence           |       |       |       |       |       |       |       |       |     1 ||     1
       Apportation       |       |       |       |       |       |       |       |       |     1 ||     1
Invok: Evolution         |       |       |     4 |     8 |    17 |    31 |    22 |    14 |    61 ||   157
       Reproduction      |       |       |       |     1 |    10 |     9 |     9 |    13 |     7 ||    49
       Sunlight          |       |       |       |       |     3 |    17 |     9 |     6 |    72 ||   107
       Rain              |       |       |       |       |       |     6 |     4 |    10 |    33 ||    53
       Growth            |       |       |       |       |       |     3 |     2 |     2 |    14 ||    21
 Abil: End Transformatio |       |       |       |       |       |       |     1 |       |     1 ||     2
       Evoke Flight      |       |       |       |       |       |       |       |       |     1 ||     1
Evoke: Wand              |     1 |     9 |     3 |     2 |     9 |    24 |    13 |    11 |    49 ||   121
       Rod               |       |       |       |       |       |       |     5 |     9 |   473 ||   487
       Phial of floods   |       |       |       |       |       |       |     1 |     4 |    19 ||    24
       Fan of gales      |       |       |       |       |       |       |     1 |     5 |    12 ||    18
       Lamp of fire      |       |       |       |       |       |       |     1 |     4 |     6 ||    11
       Disc of storms    |       |       |       |       |       |       |       |     9 |   201 ||   210
       Sack of spiders   |       |       |       |       |       |       |       |     2 |    10 ||    12
       Staff of Wucad Mu |       |       |       |       |       |       |       |       |   123 ||   123
       Deck              |       |       |       |       |       |       |       |       |    54 ||    54
       Sceptre of Asmode |       |       |       |       |       |       |       |       |    11 ||    11
       Staff of Dispater |       |       |       |       |       |       |       |       |     5 ||     5
       Box of beasts     |       |       |       |       |       |       |       |       |     5 ||     5
       Horn of Geryon    |       |       |       |       |       |       |       |       |     1 ||     1
       Figurine of a zig |       |       |       |       |       |       |       |       |     1 ||     1
  Use: Potion            |       |     7 |     2 |     6 |     3 |     9 |     7 |    20 |    91 ||   145
       Scroll            |       |       |    10 |    11 |    13 |    36 |    10 |    15 |   143 ||   238
 Stab: Sleeping          |     9 |     3 |    13 |       |    32 |     2 |     3 |    21 |   103 ||   186
       Paralysed         |       |       |     3 |       |       |     1 |       |     3 |     3 ||    10
       Distracted        |       |       |     1 |       |     1 |     1 |       |     6 |   220 ||   229
       Confused          |       |       |       |       |     1 |       |       |     2 |     5 ||     8
       Petrifying        |       |       |       |       |       |       |       |       |     4 ||     4
       Petrified         |       |       |       |       |       |       |       |       |     1 ||     1
  Eat: Chunk             |       |     5 |     5 |     9 |     7 |    10 |    29 |    78 |   206 ||   349
       Royal jelly       |       |       |     1 |       |       |     1 |     1 |       |    17 ||    20
       Bread ration      |       |       |     1 |     3 |     5 |     2 |       |     8 |    38 ||    57
       Pizza             |       |       |     1 |       |       |     2 |     2 |     1 |    15 ||    21
       Beef jerky        |       |       |       |     1 |     2 |     3 |     1 |       |    26 ||    33
       Meat ration       |       |       |       |       |       |     5 |     5 |     3 |    48 ||    61
